Workbook

Sheet Memória de Cálculo
C2: PREFEITURA MUNICIPAL DE MINAS NOVAS Praça Sebastião Leme do Prado, 15 – Centro. CEP: 39.650-000 – Minas Novas (MG) Fone: (33) 3764-1147 – (33) 3764-2641 E-mail: pmmn@uai.com.br / conveniosminasnovas@yahoo.com.br
A5: MEMÓRIA DE CÁLCULO DE QUANTITATIVOS
A7: PREFEITURA: PREFEITURA MUNICIPAL DE MINAS NOVAS | F7: FOLHA Nº: 01
A8: OBRA: Camelódromo | F8: DATA: 16/07/2026
A9: LOCAL: Praça Dr. Badaró - Centro - Minas Novas - MG
A10: REGIÃO/MÊS DE REFERÊNCIA: TABELA SEINFRA - REGIÃO JEQUITINHONHA E MUCURI - JANEIRO/2026 - COM DESONERAÇÃO
A11: PRAZO DE EXECUÇÃO: 06 meses
A13: ITEM | B13: CÓDIGO | C13: DESCRIÇÃO | D13: UNIDADE | E13: QUANTIDADE | F13: MEMÓRIA
A14: 1 - INSTALAÇÕES INICIAS DA OBRA
A15: 1.1 | B15: ED-16660 | C15: FORNECIMENTO E COLOCAÇÃO DE PLACA DE OBRA EM CHAPA GALVANIZADA #26, ESP. 0,45 MM, PLOTADA COM ADESIVO VINÍLICO, AFIXADA COM REBITES 4,8X40 MM, EM ESTRUTURA METÁLICA DE METALON 20X20 MM, ESP. 1,25 MM, INCLUSIVE SUPORTE EM EUCALIPTO AUTOCLAVADO PINTADO COM TINTA PVA DUAS (2) DEMÃOS | D15: m² | E15: 2.88 | F15: 1,20 x 2,40 = 2,88m²
A16: 1.2 | B16: ED-29823 | C16: TAPUME FIXO DE PROTEÇÃO PARA FECHAMENTO DE OBRA EM TELHA METÁLICA GALVANIZADA, TIPO TRAPEZOIDAL, ESP. 0,5MM, COM MÓDULO NA DIMENSÃO DE (300X220)CM, COM REAPROVEITAMENTO, EXCLUSIVE PINTURA ESMALTE, INCLUSIVE PONTALETE E FIXAÇÃO | D16: m² | E16: 92.4 | F16: Proteção/isolamento: 14,00 + 23,00 + 5,00 = 42,00m x 2,20 = 92,40
A17: 1.3 | B17: ED-17989 | C17: LOCAÇÃO DE OBRA COM GABARITO DE TÁBUAS CORRIDAS PONTALETADAS A CADA 2,00M, REAPROVEITAMENTO (2X), INCLUSIVE ACOMPANHAMENTO DE EQUIPE TOPOGRÁFICA PARA MARCAÇÃO DE PONTO TOPOGRÁFICO | D17: m | E17: 65.65 | F17: (22,00 + 0,50 + 0,50) + (7,70 + 0,50 + 0,50) + (3,30 + 0,50 + 0,50) x 2 (18,95 + 0,50 + 0,50) + (4,40 + 0,50 +0,50) = 66,71m
A18: 2 - FUNDAÇÃO
A19: 2.1 | B19: ED-51107 | C19: ESCAVAÇÃO MANUAL DE VALA COM PROFUNDIDADE MENOR OU IGUAL A 1,5M, INCLUSIVE DESCARGA LATERAL | D19: m³ | E19: 11.22 | F19: Blocos de fundação (0,60 x 1,00 x 0,60) x 20unid. = 7,20m³ Baldrame: ( 0,15 x 0,30 x 89,35 ) = 4,02m³
A20: 2.2 | B20: ED-51093 | C20: APILOAMENTO MANUAL EM FUNDO DE VALA COM SOQUETE, EXCLUSIVE ESCAVAÇÃO | D20: m² | E20: 25.4 | F20: Blocos de fundação (0,60 x 1,00 ) x 20unid. = 12,00m² Baldrame: ( 0,15 x 89,35 ) = 13,40 m²
A21: 2.3 | B21: ED-49812 | C21: LASTRO DE CONCRETO MAGRO, INCLUSIVE TRANSPORTE, LANÇAMENTO E ADENSAMENTO | D21: m³ | E21: 1.27 | F21: Blocos de fundação (0,60 x 1,00 X 0,05 ) x 20unid. = 0,60m³ Baldrame: Salas: ( 0,15 x 89,35 x 0,05 ) = 0,67m³
A22: 2.4 | B22: ED-29801 | C22: PERFURAÇÃO MANUAL DE ESTACA TIPO BROCA A TRADO, INCLUSIVE AFASTAMENTO, EXCLUSIVE ARMAÇÃO, CONCRETO ESTRUTURAL, TRANSPORTE E RETIRADA DO MATERIAL ESCAVADO | D22: m³ | E22: 0.96 | F22: Blocos de fundação (0,20 x 0,20 x 0,60) x 20 x 2 = 0,96m³
A23: 2.5 | B23: ED-8471 | C23: FÔRMA E DESFORMA DE TÁBUA E SARRAFO, REAPROVEITAMENTO (5X), EXCLUSIVE ESCORAMENTO | D23: m² | E23: 74.8 | F23: Blocos de fundação (1,00 x 0,60) x 4 x 20unid. = 48,00m² Baldrame: Salas: ( 0,15 x 89,35 ) x 2= 26,80m²
A24: 2.6 | B24: ED-48298 | C24: CORTE, DOBRA E MONTAGEM DE AÇO CA-50/60, INCLUSIVE ESPAÇADOR | D24: kg | E24: 729.3 | F24: Blocos de fundação (0,60 x 1,00 x 0,60) x 20unid. = 7,20m³ x 65kg = 468,00kg Baldrame: Salas: ( 0,15 x 0,30 x 89,35 ) = 4,02m³ x 65kg = 261,3kg
A25: 2.7 | B25: ED-49787 | C25: FORNECIMENTO DE CONCRETO ESTRUTURAL, PREPARADO EM OBRA COM BETONEIRA, COM FCK 25MPA, INCLUSIVE LANÇAMENTO, ADENSAMENTO E ACABAMENTO (FUNDAÇÃO) | D25: m³ | E25: 11.22 | F25: Blocos de fundação (0,60 x 1,00 x 0,60) x 20unid. = 7,20m³ Baldrame: Salas: ( 0,15 x 0,30 x 89,35 ) = 4,02m³
A26: 2.8 | B26: ED-50174 | C26: PINTURA COM EMULSÃO ASFÁLTICA, DUAS (2) DEMÃOS | D26: m² | E26: 113.61 | F26: Blocos de fundação Pátio coberto: 3,00 x 20unid. = 60,00m² Baldrame: Salas: (0,60 x 89,35 ) = 53,61m²
A27: 2.9 | B27: ED-51097 | C27: COMPACTAÇÃO MANUAL DE ATERRO COM SOQUETE, INCLUSIVE ESPALHAMENTO MANUAL | D27: m³ | E27: 17.16 | F27: Aterro entre baldrames: (74,27 x 0,20) = 14,85m³ Aterro jardim praça: (1,60 x 0,60 x 0,50) = 1,92m³ + ( 3,30 x 0,60 x 0,20) = 0,39. Total = 2,31
A28: 3 - ESTRUTURA
A29: 3.1 | B29: ED-8471 | C29: FÔRMA E DESFORMA DE TÁBUA E SARRAFO, REAPROVEITAMENTO (5X), EXCLUSIVE ESCORAMENTO | D29: m² | E29: 76.17 | F29: Pilar: (0,15 x 2,80) x 2 x 20unid. = 16,80m² Viga: ( 0,30 x 89,35 ) x 2 = 53,61m² + (0,30 x 9,60) x 2 = 5,76m²
A30: 3.2 | B30: ED-48298 | C30: CORTE, DOBRA E MONTAGEM DE AÇO CA-50/60, INCLUSIVE ESPAÇADOR | D30: kg | E30: 810.6 | F30: Pilar: (0,15 x 0,30 x 2,80) x 20unid. = 2,52 x 2 pav. = 5,04m³ x 60kg = 302,40kg Viga: (0,15 x 0,30 x 89,35) x 2 pav.= 8,04m³ + (0,15 x 0,30 x 9,60) = 0,43m³ = 8,47m³ x 60kg = 508,20kg
A31: 3.3 | B31: ED-49619 | C31: FORNECIMENTO DE CONCRETO ESTRUTURAL, PREPARADO EM OBRA, COM FCK 25MPA, INCLUSIVE LANÇAMENTO, ADENSAMENTO E ACABAMENTO | D31: m³ | E31: 13.51 | F31: Pilar: (0,15 x 0,30 x 2,80) x 20unid. = 2,52 x 2 pav. = 5,04m³ Viga: (0,15 x 0,30 x 89,35) x 2 pav.= 8,04m³ + (0,15 x 0,30 x 9,60) = 0,43m³ = 8,47m³
A32: 3.4 | B32: ED-50846 | C32: ESCADA DE CONCRETO 20 MPa, APARENTE, ESPELHO = 16,3 CM, ARMAÇÃO, FÔRMA PLASTIFICADA, ESCORAMENTO E DESFORMA | D32: m³ | E32: 0.82 | F32: Escada: patamar: (0,90m x 0,30m x 0,17m) x 12unid. + ( 0,40m² x 0,17) x 4unid. = 0,82m³
A33: 3.5 | B33: ED-50253 | C33: LAJE PRÉ-MOLDADA UNIDIRECIONAL COM ENCHIMENTO EM POLIESTIRENO EXPANDIDO (EPS), CAPEAMENTO DE 4CM, SOBRECARGA DE 100KG/M2, ALTURA TOTAL DE 11CM E VÃO LIVRE MÁXIMO DE 4M, INCLUSIVE CONCRETO ESTRUTURAL, USINADO BOMBEADO COM FCK DE 20MPA, EXCLUSIVE TELA ARMADA E CIMBRAMENTO | D33: m² | E33: 87.52 | F33: Laje de forro: 87,52m²
A34: 3.6 | B34: ED-50256 | C34: LAJE PRÉ-MOLDADA UNIDIRECIONAL COM ENCHIMENTO EM POLIESTIRENO EXPANDIDO (EPS), CAPEAMENTO DE 4CM, SOBRECARGA DE 200KG/M2, ALTURA TOTAL DE 11CM E VÃO LIVRE MÁXIMO DE 4M, INCLUSIVE CONCRETO ESTRUTURAL, USINADO BOMBEADO COM FCK DE 20MPA, EXCLUSIVE TELA ARMADA E CIMBRAMENTO | D34: m² | E34: 114.2 | F34: Laje de piso: 114,20m²
A35: 3.7 | B35: ED-29563 | C35: ARMADURA DE TELA DE AÇO CA-60, SOLDADA TIPO Q-61, DIÂMETRO Ø3,4MM, TRAMA COM DIMENSÃO (150X150)MM, INCLUSIVE ESPAÇADOR, EXCLUSIVE CONCRETO | D35: m² | E35: 204.03 | F35: Laje de piso: 114,20m² Laje de forro: 89,83m²
A36: 3.8 | B36: ED-19637 | C36: CIMBRAMENTO PARA LAJE PRÉ-MOLDADA COM ESCORAMENTO METÁLICO, TIPO "A", ALTURA DE (200 ATÉ 310)CM, INCLUSIVE DESCARGA, MONTAGEM, DESMONTAGEM E CARGA | D36: m²xmês | E36: 204.03 | F36: Laje de piso: 114,20m² Laje de forro: 89,83m²
A37: 3.9 | B37: ED-50579 | C37: APLICAÇÃO DE SELANTE, MASTIQUE ELÁSTICO, EM JUNTA DE DILAÇÃO, DIMENSÃO 20X10 MM, FATOR DE FORMA 1:2, EXCLUSIVE DELIMITADOR DE PROFUNDIDADE | D37: m | E37: 14.6 | F37: Ligação da construção: 14,60m
A38: 3.10 | B38: SINAPI 105061 | C38: PILAR DE MADEIRA SERRADA, MAÇARANDUBA OU EQUIVALENTE DA REGIÃO, NÃO APARELHADO, FIXADO COM VERGALHÃO, SEÇÃO QUADRADA 10 X 10 CM, APOIO ARTICULADO, COMPRIMENTO DE 3 M. AF_03/2024 | D38: m | E38: 24 | F38: Sacada: 3,00m x 8unid. = 24,00m
A39: 4 - ALVENARIA
A40: 4.1 | B40: ED-48232 | C40: ALVENARIA DE VEDAÇÃO COM TIJOLO CERÂMICO FURADO, ESP. 14CM, PARA REVESTIMENTO, INCLUSIVE ARGAMASSA PARA ASSENTAMENTO | D40: m² | E40: 498.12 | F40: (88,95 x 2,80) x 2 pav. = 498,12m²
A41: 4.2 | B41: ED-48200 | C41: ALVENARIA ESTRUTURAL COM BLOCO DE CONCRETO, ESP. 9CM, (FBK 4,5MPA), INCLUSIVE ARGAMASSA PARA ASSENTAMENTO | D41: m² | E41: 10.44 | F41: Jardim praça: (4,44 x 0,50) x 4 = 8,88m² + ( 7,80 x 0,20) = 1,56m². Total = 10,44m²
A42: 4.3 | B42: ED-9903 | C42: VERGA OU CONTRAVERGA EM CONCRETO ESTRUTURAL PARA VÃOS DE ATÉ 150CM, PREPARADO EM OBRA COM BETONEIRA, CONTROLE "A", COM FCK 20 MPA, MOLDADA IN LOCO, INCLUSIVE ARMAÇÃO | D42: m³ | E42: 1.05 | F42: ( 0,15 x 0,20 x 1,00 ) x 16unid.= 0,48m³ ( 0,15 x 0,20 x 1,60 ) x 12unid.= 0,57m³
A43: 5 - COBERTURA
A44: 5.1 | B44: ED-48407 | C44: ENGRADAMENTO PARA TELHAS CERÂMICA OU CONCRETO EM MADEIRA PARAJU | D44: m² | E44: 142 | F44: Cobertura predio camelódromo: 142,00m²
A45: 5.2 | B45: ED-48420 | C45: COBERTURA EM TELHA CERÂMICA, TIPO PLAN, INCLUSIVE FIXAÇÃO, EXCLUSIVE ENGRADAMENTO E MANTA ISOLANTE/ TÉRMICA | D45: m² | E45: 142 | F45: Cobertura predio camelódromo: 142,00m²
A46: 5.3 | B46: ED-50669 | C46: CONDUTOR CIRCULAR DE ÁGUA PLUVIAL PARA DO TELHADO EM TUBO DE PVC, DIÂMETRO DE 75MM, INCLUSIVE CONEXÕES E SUPORTES | D46: m | E46: 48 | F46: 6,00 m x 8unid. = 48,00m
A47: 5.4 | B47: ED-50663 | C47: CALHA EM CHAPA GALVANIZADA, ESP. 0,5MM (GSG-26), COM DESENVOLVIMENTO DE 50CM, INCLUSIVE IÇAMENTO MANUAL VERTICAL | D47: m | E47: 63.3 | F47: 22,85 + 17,85 + 3,20 + 8,60 + 5,40 + 5,40 = 63,30m
A48: 6 - ACABAMENTO
A49: 6.1 | B49: ED-50727 | C49: CHAPISCO COM ARGAMASSA, TRAÇO 1:3 (CIMENTO E AREIA), ESP. 5MM, APLICADO EM ALVENARIA/ESTRUTURA DE CONCRETO COM COLHER, PREPARO MECÂNICO | D49: m² | E49: 948.12 | F49: Paredes externa: 57,60 x 6,00 = 345,60m² Paredes internas: (12,40 x 2,80) x 12 + (25,20 x 2,80) + ( 20,10 x 2,80 + ( 8,10 x 6,00) = 592,08m² Jardim base: (4,44 x 0,50) x 4 = 8,88m² + ( 7,80 x 0,20) = 1,56m² total = 10,44m²
A50: 6.2 | B50: ED-50732 | C50: EMBOÇO COM ARGAMASSA, TRAÇO 1:6 (CIMENTO E AREIA), ESP.20MM, APLICAÇÃO MANUAL, PREPARO MECÂNICO | D50: m² | E50: 146.4 | F50: Paredes externas fachada: (3,30 x 6,00) + (21,30 x 1,00) x 2pav. = 62,40m² Parede sanitário: (25,20 x 2,80) = 70,56m² Pia: (1,00 x 1,00) x 3unid. = 3,00m² Jardim base: (4,44 x 0,50) x 4 = 8,88m² + ( 7,80 x 0,20) = 1,56m² total = 10,44m²
A51: 6.3 | B51: ED-50759 | C51: REBOCO COM ARGAMASSA, TRAÇO 1:7 (CIMENTO E AREIA), ESP.20MM, APLICAÇÃO MANUAL, PREPARO MECÂNICO | D51: m² | E51: 801.72 | F51: Paredes externa: 57,60 x 6,00 = 345,60m² - (3,30 x 6,00) + (21,30 x 1,00) x 2pav. = 62,40m² Total = 283,20m² Paredes internas: (12,40 x 2,80) x 12 + (25,20 x 2,80) + ( 20,10 x 2,80 + ( 8,10 x 6,00) = 592,08m² - Parede sanitário: (25,20 x 2,80) = 70,56m² - Pia: (1,00 x 1,00) x 3unid. = 3,00m² Total = 518,52m²
A52: 6.4 | B52: ED-9081 | C52: REVESTIMENTO COM CERÂMICA APLICADO EM PAREDE, ACABAMENTO ESMALTADO, AMBIENTE INTERNO/EXTERNO, PADRÃO EXTRA, DIMENSÃO DA PEÇA ATÉ 2025 CM2, PEI III, ASSENTAMENTO COM ARGAMASSA INDUSTRIALIZADA, INCLUSIVE REJUNTAMENTO | D52: m² | E52: 146.4 | F52: Paredes externas fachada: (3,30 x 6,00) + (21,30 x 1,00) x 2pav. = 62,40m² Parede sanitário: (25,20 x 2,80) = 70,56m² Pia: (1,00 x 1,00) x 3unid. = 3,00m² Jardim base: (4,44 x 0,50) x 4 = 8,88m² + ( 7,80 x 0,20) = 1,56m² total = 10,44m²
A53: 7 - ESQUADRIAS/FERRAGENS/ACESSÓRIOS
A54: 6.2 | B54: ED-49603 | C54: PORTA DE ABRIR, MADEIRA DE LEI PRANCHETA PARA PINTURA COMPLETA 90 X 210 CM,COM FERRAGENS EM FERRO LATONADO | D54: u
A55: 7.1 | B55: ED-49591 | C55: MARCO DE MADEIRA, DIMENSÃO (80X210)CM, LARGURA DE 14CM, ACABAMENTO NATURAL PARA PINTURA/VERNIZ, INCLUSIVE ASSENTAMENTO, EXCLUSIVE FOLHA DE PORTA, FERRAGENS E PINTURA/VERNIZ | D55: u | E55: 15 | F55: 15unid.
A56: 7.2 | B56: ED-49612 | C56: RÉGUA PARA ALIZAR, LARGURA DE 7CM, PARA UMA (1) FACE, ACABAMENTO NATURAL PARA PINTURA/VERNIZ, INCLUSIVE FIXAÇÃO, EXCLUSIVE MARCO, FOLHA DE PORTA E PINTURA/ VERNIZ | D56: u | E56: 15 | F56: 15unid.
A57: 7.3 | B57: ED-49699 | C57: FECHADURA TIPO EXTERNA, GRAU DE SEGURANÇA MÉDIO, DISTÂNCIA DE BROCA 40MM, ACABAMENTO COM ESPELHO CROMADO E MAÇANETA MODELO ALAVANCA EM ZAMAC, INCLUSIVE ACESSÓRIOS PARA FIXAÇÃO E DUAS (2) CHAVES | D57: u | E57: 15 | F57: 15unid.
A58: 7.4 | B58: SINAPI 91299 | C58: PORTA DE MADEIRA, TIPO MEXICANA, MACIÇA (PESADA OU SUPERPESADA), 80X210CM, ESPESSURA DE 3,5CM, INCLUSO DOBRADIÇAS - FORNECIMENTO E INSTALAÇÃO. AF_10/2025 | D58: u | E58: 15 | F58: 15unid.
A59: 7.5 | B59: SINAPI 100665 | C59: JANELA DE MADEIRA CEDRINHO/ ANGELIM COMERCIAL/ CURUPIXA/ CUMARU OU EQUIVALENTE, CAIXA DO BATENTE/ MARCO 10 CM, COM DUAS FOLHAS DE ABRIR TIPO VENEZIANAS E 2 FOLHAS GUILHOTINAS PARA VIDRO (VIDROS NÃO INCLUSOS), COM GUARNIÇÃO/ ALIZAR E FERRAGENS, FIXAÇÃO COM PARAFUSOS E ESPUMA EXPANSIVA, EXCLUSIVE CONTRAMARCO - FORNECIMENTO E INSTALAÇÃO. AF_11/2024 | D59: m² | E59: 16.8 | F59: Janelas: (1,40 x 1,00) x 12 = 16,80m²
A60: 7.6 | B60: ED-50983 | C60: PORTÃO DE GRADE EM BARRA REDONDA 1/2" E REQUADRO EM BARRA CHATA 1.1/4"X3/16", EXCLUSIVE CADEADO E PINTURA | D60: m² | E60: 8.46 | F60: Portão fechamento escada e banheiros: (1,80 x 2,60) + (0,90 x 2,10) x 2 = 8,46m²
A61: 7.7 | B61: ED-32097 | C61: GUARDA-CORPO EXTERNO, ALTURA 130CM, EM TUBO GALVANIZADO, COM COSTURA, DIÂMETRO 2", ESP. 3MM, GRADIL COM DIVISÃO HORIZONTAL EM TUBO GALVANIZADO, COM COSTURA, DIÂMETRO 1", ESP. 3MM, INCLUSIVE CORRIMÃO DUPLO , EXCLUSIVE PINTURA | D61: m | E61: 39.15 | F61: Sacada: 1,20 + 17,85 + 3,20 + 1,20 = 23,45m Escada: 1,80 + 1,80 + 0,90 = 4,50m Praça: 2,80 + 2,80 + 2,80 + 2,80 = 11,20m
A62: 7.8 | B62: ED-32000 | C62: CORRIMÃO DUPLO EM TUBO GALVANIZADO, COM COSTURA, DIÂMETRO DE 1.1/2", ESP. 3MM, FIXADO EM ALVENARIA, INCLUSIVE SUPORTE PARA CORRIMÃO EM BARRA CHATA (1"X1/2") , EXCLUSIVE PINTURA | D62: m | E62: 7.2 | F62: Escada: 2,70 + 2,70 + 1,80 = 7,20
A63: 8 - INSTALAÇÕES HIDRÁULICAS
A64: 8.1 | B64: ED-50223 | C64: PONTO DE EMBUTIR PARA ESGOTO EM TUBO PVC RÍGIDO, PB - SÉRIE NORMAL, DN 40MM (1.1/2"), EMBUTIDO NA ALVENARIA/PISO, COM ALTURA (SAÍDA) DE 50CM DO PISO, COM DISTÂNCIA DE ATÉ CINCO (5) METROS DA RAMAL DE ESGOTO, EXCLUSIVE ESCAVAÇÃO, INCLUSIVE CONEXÕES E FIXAÇÃO DO TUBO COM ENCHIMENTO DO RASGO NA ALVENARIA/CONCRETO COM ARGAMASSA | D64: u | E64: 5 | F64: Pias sanitário: 2 unid. Pias copa, loja e DML: 3unid.
A65: 8.2 | B65: ED-50225 | C65: PONTO DE EMBUTIR PARA ESGOTO EM TUBO PVC RÍGIDO, PBV - SÉRIE NORMAL, DN 100MM (4"), EMBUTIDO EM PISO COM DISTÂNCIA DE ATÉ CINCO (5) METROS DA RAMAL DE ESGOTO, INCLUSIVE CONEXÕES E FIXAÇÃO DO TUBO COM ENCHIMENTO DO RASGO NO CONCRETO COM ARGAMASSA | D65: u | E65: 4 | F65: Ralo Sanitário: 2 unid. Bacia sanitário: 2unid.
A66: 8.3 | B66: ED-50221 | C66: PONTO DE EMBUTIR PARA ÁGUA FRIA EM TUBO DE PVC RÍGIDO SOLDÁVEL, DN 20MM (1/2"), EMBUTIDO NA ALVENARIA COM DISTÂNCIA DE ATÉ CINCO (5) METROS DA TOMADA DE ÁGUA, INCLUSIVE CONEXÕES E FIXAÇÃO DO TUBO COM ENCHIMENTO DO RASGO NA ALVENARIA/CONCRETO COM ARGAMASSA | D66: u | E66: 5 | F66: Pias sanitário: 2 unid. Pias copa, loja e DML: 3unid.
A67: 8.4 | B67: ED-49169 | C67: CAIXA DE PASSAGEM EM ALVENARIA E TAMPA DE CONCRETO, FUNDO DE BRITA, TIPO 1, 40 X 40 X 60 CM, INCLUSIVE ESCAVAÇÃO, REATERRO E BOTA-FORA | D67: u | E67: 2 | F67: 2 unid.
A68: 8.5 | B68: ED-50013 | C68: CAIXA SIFONADA EM PVC COM TAMPA CEGA 250 X 230 X 75 MM | D68: u | E68: 2 | F68: Ralo Sanitário: 2 unid.
A69: 8.6 | B69: ED-49952 | C69: RALO SIFONADO PVC CÔNICO ALTURA REGULÁVEL 100 X 40 MM COM GRELHA METÁLICA | D69: u | E69: 2 | F69: Ralo Sanitário: 2 unid.
A70: 8.7 | B70: ED-50019 | C70: FORNECIMENTO E ASSENTAMENTO DE TUBO PVC RÍGIDO SOLDÁVEL, ÁGUA FRIA, DN 25 MM (3/4") , INCLUSIVE CONEXÕES | D70: m | E70: 50 | F70: 50,00m
A71: 8.8 | B71: ED-50022 | C71: FORNECIMENTO E ASSENTAMENTO DE TUBO PVC RÍGIDO SOLDÁVEL, ÁGUA FRIA, DN 50 MM (1.1/2"), INCLUSIVE CONEXÕES | D71: m | E71: 40 | F71: 40,00m
A72: 8.9 | B72: ED-49963 | C72: REGISTRO DE PRESSÃO, TIPO BASE, ROSCÁVEL 1/2" (PARA TUBO SOLDÁVEL OU PPR DN 20MM/CPVC DN 15MM), INCLUSIVE ACABAMENTO (PADRÃO MÉDIO) E CANOPLA CROMADOS | D72: u | E72: 1 | F72: Sanitário: 1unid.
A73: 8.10 | B73: ED-49936 | C73: CAIXA D´ÁGUA DE POLIETILENO, CAPACIDADE DE 1.000L, INCLUSIVE TAMPA, TORNEIRA DE BOIA, EXTRAVASOR, TUBO DE LIMPEZA E ACESSÓRIOS, EXCLUSIVE TUBULAÇÃO DE ENTRADA/ SAÍDA DE ÁGUA | D73: u | E73: 1 | F73: Sanitário: 1unid.
A74: 8.11 | B74: ED-14747 | C74: CANALETA PARA DRENAGEM, EM CONCRETO COM FCK 15MPA, MOLDADA IN LOCO, SEÇÃO 30X20CM, FORMA EM MADEIRA, COM TAMPA EM CONCRETO PARA TRÂNSITO DE PEDESTRE, INCLUSIVE ESCAVAÇÃO, REATERRO COM TRANSPORTE E RETIRADA DO MATERIAL ESCAVADO (EM CAÇAMBA) | D74: m | E74: 16 | F74: Extensão: 16,0,00m
A75: 9 - INSTALAÇÕES ELÉTRICAS
A76: 9.1 | B76: ED-14183 | C76: QUADRO DE DISTRIBUIÇÃO DE EMBUTIR EM PVC, PARA 16 DISJUNTORES DIN, INCLUSIVE BARRAMENTOS NEUTRO/TERRA, EXCLUSIVE BARRAMENTO DE FASE | D76: u | E76: 1 | F76: 1unid.
A77: 9.2 | B77: ED-34473 | C77: DISJUNTOR BIPOLAR TIPO DIN, CORRENTE NOMINAL DE 10A, FORNECIMENTO E INSTALAÇÃO, INCLUSIVE TERMINAL ILHÓS | D77: u | E77: 3 | F77: 3
A78: 9.3 | B78: ED-34476 | C78: DISJUNTOR BIPOLAR TIPO DIN, CORRENTE NOMINAL DE 25A, FORNECIMENTO E INSTALAÇÃO, INCLUSIVE TERMINAL ILHÓS | D78: u | E78: 4 | F78: 4
A79: 9.4 | B79: ED-15116 | C79: DISJUNTOR DE PROTEÇÃO DIFERENCIAL RESIDUAL (DR), BIPOLAR TIPO DIN, CORRENTE NOMINAL DE 63A, SENSIBILIDADE DE 30MA, FORNECIMENTO E INSTALAÇÃO, INCLUSIVE TERMINAL ILHÓS | D79: u | E79: 1 | F79: 1
A80: 9.5 | B80: ED-50227 | C80: PONTO DE EMBUTIR PARA UM (1) INTERRUPTOR SIMPLES (10A250V), COM PLACA 4"X2" DE UM (1) POSTO, COM ELETRODUTO FLEXÍVEL CORRUGADO, ANTI-CHAMA, DN 25MM (3/4"), EMBUTIDO NA ALVENARIA E CABO DE COBRE FLEXÍVEL, CLASSE 5, ISOLAMENTO TIPO LSHF/ATOX, NÃO HALOGENADO, SEÇÃO 1, 5MM2 (70°C-450/750V), COM DISTÂNCIA DE ATÉ DEZ (10) METROS DO PONTO DE DERIVAÇÃO, INCLUSIVE CAIXA DE LIGAÇÃO, SUPORTE E FIXAÇÃO DO ELETRODUTO COM ENCHIMENTO DO RASGO NA ALVENARIA/CONCRETO COM ARGAMASSA | D80: u | E80: 20 | F80: 20 unid.
A81: 9.6 | B81: ED-50228 | C81: PONTO DE EMBUTIR PARA UMA (1) LUMINÁRIA,COM ELETRODUTO DE PVC RÍGIDO ROSCÁVEL, DN 20MM (3/4"), EMBUTIDO NA LAJE E CABO DE COBRE FLEXÍVEL, CLASSE 5, ISOLAMENTO TIPO LSHF/ ATOX, NÃO HALOGENADO, SEÇÃO 1,5MM2 (70°C-450/750V), COM DISTÂNCIA DE ATÉ CINCO (5) METROS DO PONTO DE DERIVAÇÃO, EXCLUSIVE LUMINÁRIA, INCLUSIVE CAIXA DE LIGAÇÃO OCTOGONAL, SUPORTE E FIXAÇÃO DO ELETRODUTO | D81: u | E81: 18 | F81: Interno: 18unid.
A82: 9.7 | B82: ED-50232 | C82: PONTO DE EMBUTIR PARA UMA (1) TOMADA PADRÃO, TRÊS (3) POLOS (2P+T/10A-250V), COM PLACA 4"X2" DE UM (1) POSTO, COM ELETRODUTO FLEXÍVEL CORRUGADO, ANTI-CHAMA, DN 25MM (3/ 4"), EMBUTIDO NA ALVENARIA E CABO DE COBRE FLEXÍVEL, CLASSE 5, ISOLAMENTO TIPO LSHF/ATOX, NÃO HALOGENADO, SEÇÃO 2,5MM2 (70°C-450/750V), COM DISTÂNCIA DE ATÉ DEZ (10) METROS DO PONTO DE DERIVAÇÃO, INCLUSIVE CAIXA DE LIGAÇÃO, SUPORTE E FIXAÇÃO DO ELETRODUTO COM ENCHIMENTO DO RASGO NA ALVENARIA/CONCRETO COM ARGAMASSA | D82: u | E82: 18 | F82: 11 unid.internas loja + 3 loja/lanchonte, 2 unid. copa e 2 externas:
A83: 9.8 | B83: ED-15733 | C83: CONJUNTO DE UM (1) INTERRUPTOR SIMPLES, CORRENTE 10A, TENSÃO 250V, (10A-250V), COM PLACA 4"X2" DE UM (1) POSTO, INCLUSIVE FORNECIMENTO, INSTALAÇÃO, SUPORTE, MÓDULO E PLACA | D83: u | E83: 20 | F83: 20 unid.
A84: 9.9 | B84: ED-15748 | C84: CONJUNTO DE UMA (1) TOMADA PADRÃO, TRÊS (3) POLOS, CORRENTE 10A, TENSÃO 250V, (2P+T/10A-250V), COM PLACA 4"X2" DE UM (1) POSTO, INCLUSIVE FORNECIMENTO, INSTALAÇÃO, SUPORTE, MÓDULO E PLACA | D84: u | E84: 18 | F84: 11 unid.internas loja + 3 loja/lanchonte, 2 unid. copa e 2 externas:
A85: 9.10 | B85: ED-48966 | C85: CABO DE COBRE FLEXÍVEL, CLASSE 5, ISOLAMENTO TIPO LSHF/ ATOX, NÃO HALOGENADO, ANTICHAMA, TERMOPLÁSTICO, UNIPOLAR, SEÇÃO 10 MM2, 70°C, 450/750V | D85: m | E85: 40 | F85: Instalação
A86: 9.11 | B86: ED-48951 | C86: CABO DE COBRE FLEXÍVEL, CLASSE 5, ISOLAMENTO TIPO LSHF/ ATOX, NÃO HALOGENADO, ANTICHAMA, TERMOPLÁSTICO, UNIPOLAR, SEÇÃO 2,5 MM2, 70°C, 450/750V | D86: m | E86: 40 | F86: Instalação
A87: 9.12 | B87: ED-48956 | C87: CABO DE COBRE FLEXÍVEL, CLASSE 5, ISOLAMENTO TIPO LSHF/ ATOX, NÃO HALOGENADO, ANTICHAMA, TERMOPLÁSTICO, UNIPOLAR, SEÇÃO 4 MM2, 70°C, 450/750V | D87: m | E87: 40 | F87: Instalação
A88: 9.13 | B88: ED-48961 | C88: CABO DE COBRE FLEXÍVEL, CLASSE 5, ISOLAMENTO TIPO LSHF/ ATOX, NÃO HALOGENADO, ANTICHAMA, TERMOPLÁSTICO, UNIPOLAR, SEÇÃO 6 MM2, 70°C, 450/750V | D88: m | E88: 20 | F88: Instalação
A89: 9.14 | B89: ED-13336 | C89: LUMINÁRIA COMERCIAL CHANFRADA DE SOBREPOR COMPLETA, PARA UMA (1) LÂMPADA TUBULAR LED 1X18W-ØT8, TEMPERATURA DA COR 6500K, FORNECIMENTO E INSTALAÇÃO, INCLUSIVE BASE E LÂMPADA | D89: u | E89: 18 | F89: Lúminárias internas: 18unid.
A90: 9.15 | B90: ED-26606 | C90: LUMINÁRIA ARANDELA TIPO TARTARUGA BLINDADA COMPLETA, PARA UMA (1) LÂMPADA LED, POTÊNCIA 9W, BULBO A60, FORNECIMENTO E INSTALAÇÃO, INCLUSIVE BASE E LÂMPADA | D90: u | E90: 12 | F90: Varanda: 12unid.
A91: 9.16 | B91: SINAPI 100619 | C91: POSTE DECORATIVO PARA JARDIM EM AÇO TUBULAR, H = *2,5* M, SEM LUMINÁRIA - FORNECIMENTO E INSTALAÇÃO. AF_04/2025 | D91: u | E91: 4 | F91: Postes: 4unid.
A92: 9.17 | B92: ED-13344 | C92: LÂMPADA LED, BASE E27, POTÊNCIA DE 20W, BULBO A70, TEMPERATURA DA COR 6500K, TENSÃO 110-127V, EXCLUSIVE LUMINÁRIA | D92: u | E92: 4 | F92: Postes: 4unid.
A93: 9.18 | B93: ED-20580 | C93: ENTRADA DE ENERGIA AÉREA, TIPO B2, PADRÃO CEMIG, CARGA INSTALADA DE 10,1KW ATÉ 15KW, BIFÁSICO, COM SAÍDA SUBTERRÂNEA, INCLUSIVE POSTE, CAIXA PARA MEDIDOR, DISJUNTOR, BARRAMENTO, ATERRAMENTO E ACESSÓRIOS | D93: u | E93: 1
A94: 10 - PISO
A95: 10.1 | B95: ED-50544 | C95: REVESTIMENTO COM CERÂMICA APLICADO EM PISO, ACABAMENTO ESMALTADO, AMBIENTE EXTERNO ( ANTIDERRAPANTE), PADRÃO EXTRA, DIMENSÃO DA PEÇA ATÉ 2025 CM2, PEI IV, ASSENTAMENTO COM ARGAMASSA INDUSTRIALIZADA, INCLUSIVE REJUNTAMENTO | D95: m² | E95: 172.21 | F95: Interno: (9,60m² x 12unid.) + 3,41m² + 3,41m² +4,45m² + 5,85m² + 5,85m² = 137,97m² Circulação: 26,67m² Escada: (0,30 x 0,90) x 12 + (0,17 x 0,90) x 15 + ( 0,40 m² x 4 unid.) + (1,30 x 0,17) x 2 = 7,57m²
A96: 10.2 | B96: ED-50569 | C96: CONTRAPISO DESEMPENADO COM ARGAMASSA, TRAÇO 1:3 ( CIMENTO E AREIA), ESP. 50MM | D96: m² | E96: 164.64 | F96: Interno: (9,60m² x 12unid.) + 3,41m² + 3,41m² +4,45m² + 5,85m² + 5,85m² = 137,97m² Circulação: 26,67m²
A97: 10.3 | B97: ED-9317 | C97: PISO EM CONCRETO, PREPARADO EM OBRA COM BETONEIRA, FCK 10MPA, SEM ARMAÇÃO, ACABAMENTO RÚSTICO, ESP. 5CM, INCLUSIVE FORNECIMENTO, LANÇAMENTO, ADENSAMENTO, SARRAFEAMENTO, EXCLUSIVE JUNTA DE DILATAÇÃO | D97: m² | E97: 172.47 | F97: Interno: (9,60m² x 12unid.) + 3,41m² + 3,41m² +4,45m² + 5,85m² + 5,85m² = 137,97m² Recuperação calçada e fundos: 23,00 x 1,50 = 34,50m²
A98: 10.4 | B98: ED-8913 | C98: EXECUÇÃO DE PAVIMENTO COM PISO INTERTRAVADO, TIPO SEXTAVADO, ESP. 6CM, COM FCK DE 35MPA, INCLUSIVE COLCHÃO DE AREIA, ESP. 6CM, PARA ASSENTAMENTO, COMPACTAÇÃO MECANIZADA, CARGA E DESCARGA MECÂNICA EM CAMINHÃO, EXCLUSIVE TRANSPORTE DE PISO INTERTRAVADO | D98: m² | E98: 187 | F98: Praça:187,00m²
A99: 11 - LOUÇAS E METAIS
A100: 11.1 | B100: ED-6926 | C100: BACIA SANITÁRIA (VASO) DE LOUÇA CONVENCIONAL ACESSÍVEL ( PCR/PMR), COR BRANCA, INCLUSIVE ACESSÓRIOS DE FIXAÇÃO/ VEDAÇÃO E REJUNTAMENTO, EXCLUSIVE ASSENTO, VÁLVULA DE DESCARGA E TUBO DE LIGAÇÃO | D100: u | E100: 2 | F100: Sanitários: 2unid.
A101: 11.2 | B101: ED-48156 | C101: ASSENTO BRANCO PARA VASO | D101: u | E101: 2 | F101: Sanitários: 2unid.
A102: 11.3 | B102: ED-50283 | C102: LAVATÓRIO DE LOUÇA BRANCA SEM COLUNA, TAMANHO MÉDIO, INCLUSIVE ACESSÓRIOS DE FIXAÇÃO, VÁLVULA DE ESCOAMENTO DE METAL COM ACABAMENTO CROMADO, SIFÃO DE METAL TIPO COPO COM ACABAMENTO CROMADO, FORNECIMENTO, INSTALAÇÃO E REJUNTAMENTO, EXCLUSIVE TORNEIRA E ENGATE FLEXÍVEL | D102: u | E102: 2 | F102: Sanitários: 2unid.
A103: 10.8 | B103: ED-16344 | C103: CHUVEIRO ELÉTRICO BRANCO, TENSÃO 127V/220V, POTÊNCIA 4600W/5500W, INCLUSIVE BRAÇO, FORNECIMENTO E INSTALAÇÃO | D103: u
A104: 11.4 | B104: SINAPI 106772 | C104: PIA DE AÇO INOX, DE *0,55 X 1,20* M COM 1 CUBA - FORNECIMENTO E INSTALAÇÃO. AF_02/2026 | D104: u | E104: 2 | F104: Copa e loja/ lanchonete: 2unid.
A105: 11.5 | B105: ED-50294 | C105: TANQUE DE POLIPROPILENO, CAPACIDADE 24 LITROS, INCLUSIVE ACESSÓRIOS DE FIXAÇÃO, VÁLVULA DE ESCOAMENTO DE PLÁSTICO (PVC) NA COR BRANCA E SIFÃO DE PLÁSTICO (PVC) TIPO COPO NA COR BRANCA, EXCLUSIVE TORNEIRA | D105: u | E105: 1 | F105: DML: 1unid.
...

Sheet Planilha Orcamentaria 
D1: PREFEITURA MUNICIPAL DE MINAS NOVAS Praça Sebastião Leme do Prado, 15 – Centro. CEP: 39.650-000 – Minas Novas (MG) Fone: (33) 3764-1147 – (33) 3764-2641 E-mail: pmmn@uai.com.br / conveniosminasnovas@yahoo.com.br
A2: PLANILHA ORÇAMENTÁRIA DE CUSTOS
A3: PREFEITURA MUNICIPAL DE MINAS NOVAS | F3: FOLHA Nº: | H3: 01/01.
A4: OBRA: Camelódromo | F4: DATA: | H4: 46219
A5: LOCAL: Praça Dr. Badaró - Centro - Minas Novas - MG | F5: FORMA DE EXECUÇÃO:
A6: REGIÃO/MÊS DE REFERÊNCIA: TABELA SEINFRA - REGIÃO JEQUITINHONHA E MUCURI - JANEIRO/2026 - COM DESONERAÇÃO | F6: ( ) | G6: DIRETA | H6: ( X ) | I6: INDIRETA
A7: COMPOSIÇÃO/DEMONSTRATIVO DE BDI - EM ANEXO | F7: % ISS MUNICIPAL: | G7: 0.03 | H7: BDI: | I7: 0.2704
A9: ITEM | B9: FONTE | C9: CÓDIGO | D9: DESCRIÇÃO | E9: UNIDADE | F9: QUANTIDADE | G9: PREÇO UNITÁRIO S/ LDI | H9: PREÇO UNITÁRIO C/ LDI | I9: PREÇO TOTAL
A10: 1 | D10: INSTALAÇÕES INICIAIS | I10: =SUM(I11:I13) -> 14011.72
A11: ='Memória de Cálculo'!A15 -> 1.1 | B11: SEINFRA | C11: ='Memória de Cálculo'!B15 -> ED-16660 | D11: ='Memória de Cálculo'!C15 -> FORNECIMENTO E COLOCAÇÃO DE PLACA DE OBRA EM CHAPA GALVANIZADA #26, ESP. 0,45 MM, PLOTADA COM ADESIVO VINÍLICO, AFIXADA COM REBITES 4,8X40 MM, EM ESTRUTURA METÁLICA DE METALON 20X20 MM, ESP. 1,25 MM, INCLUSIVE SUPORTE EM EUCALIPTO AUTOCLAVADO PINTADO COM TINTA PVA DUAS (2) DEMÃOS | E11: ='Memória de Cálculo'!D15 -> m² | F11: ='Memória de Cálculo'!E15 -> 2.88 | G11: 263.8 | H11: =ROUND(G11+(G11*$I$7),2) -> 335.13 | I11: =ROUND((F11*H11),2) -> 965.17
A12: ='Memória de Cálculo'!A16 -> 1.2 | B12: SEINFRA | C12: ='Memória de Cálculo'!B16 -> ED-29823 | D12: ='Memória de Cálculo'!C16 -> TAPUME FIXO DE PROTEÇÃO PARA FECHAMENTO DE OBRA EM TELHA METÁLICA GALVANIZADA, TIPO TRAPEZOIDAL, ESP. 0,5MM, COM MÓDULO NA DIMENSÃO DE (300X220)CM, COM REAPROVEITAMENTO, EXCLUSIVE PINTURA ESMALTE, INCLUSIVE PONTALETE E FIXAÇÃO | E12: ='Memória de Cálculo'!D16 -> m² | F12: ='Memória de Cálculo'!E16 -> 92.4 | G12: 66.74 | H12: =ROUND(G12+(G12*$I$7),2) -> 84.79 | I12: =ROUND((F12*H12),2) -> 7834.6
A13: ='Memória de Cálculo'!A17 -> 1.3 | B13: SEINFRA | C13: ='Memória de Cálculo'!B17 -> ED-17989 | D13: ='Memória de Cálculo'!C17 -> LOCAÇÃO DE OBRA COM GABARITO DE TÁBUAS CORRIDAS PONTALETADAS A CADA 2,00M, REAPROVEITAMENTO (2X), INCLUSIVE ACOMPANHAMENTO DE EQUIPE TOPOGRÁFICA PARA MARCAÇÃO DE PONTO TOPOGRÁFICO | E13: ='Memória de Cálculo'!D17 -> m | F13: ='Memória de Cálculo'!E17 -> 65.65 | G13: 62.49 | H13: =ROUND(G13+(G13*$I$7),2) -> 79.39 | I13: =ROUND((F13*H13),2) -> 5211.95
A14: 2 | D14: FUNDAÇÃO | I14: =SUM(I15:I23) -> 40261.22
A15: ='Memória de Cálculo'!A19 -> 2.1 | B15: SEINFRA | C15: ='Memória de Cálculo'!B19 -> ED-51107 | D15: ='Memória de Cálculo'!C19 -> ESCAVAÇÃO MANUAL DE VALA COM PROFUNDIDADE MENOR OU IGUAL A 1,5M, INCLUSIVE DESCARGA LATERAL | E15: ='Memória de Cálculo'!D19 -> m³ | F15: ='Memória de Cálculo'!E19 -> 11.22 | G15: 80.46 | H15: =ROUND(G15+(G15*$I$7),2) -> 102.22 | I15: =ROUND((F15*H15),2) -> 1146.91
A16: ='Memória de Cálculo'!A20 -> 2.2 | B16: SEINFRA | C16: ='Memória de Cálculo'!B20 -> ED-51093 | D16: ='Memória de Cálculo'!C20 -> APILOAMENTO MANUAL EM FUNDO DE VALA COM SOQUETE, EXCLUSIVE ESCAVAÇÃO | E16: ='Memória de Cálculo'!D20 -> m² | F16: ='Memória de Cálculo'!E20 -> 25.4 | G16: 27.13 | H16: =ROUND(G16+(G16*$I$7),2) -> 34.47 | I16: =ROUND((F16*H16),2) -> 875.54
A17: ='Memória de Cálculo'!A21 -> 2.3 | B17: SEINFRA | C17: ='Memória de Cálculo'!B21 -> ED-49812 | D17: ='Memória de Cálculo'!C21 -> LASTRO DE CONCRETO MAGRO, INCLUSIVE TRANSPORTE, LANÇAMENTO E ADENSAMENTO | E17: ='Memória de Cálculo'!D21 -> m³ | F17: ='Memória de Cálculo'!E21 -> 1.27 | G17: 633.68 | H17: =ROUND(G17+(G17*$I$7),2) -> 805.03 | I17: =ROUND((F17*H17),2) -> 1022.39
A18: ='Memória de Cálculo'!A22 -> 2.4 | B18: SEINFRA | C18: ='Memória de Cálculo'!B22 -> ED-29801 | D18: ='Memória de Cálculo'!C22 -> PERFURAÇÃO MANUAL DE ESTACA TIPO BROCA A TRADO, INCLUSIVE AFASTAMENTO, EXCLUSIVE ARMAÇÃO, CONCRETO ESTRUTURAL, TRANSPORTE E RETIRADA DO MATERIAL ESCAVADO | E18: ='Memória de Cálculo'!D22 -> m³ | F18: ='Memória de Cálculo'!E22 -> 0.96 | G18: 262.22 | H18: =ROUND(G18+(G18*$I$7),2) -> 333.12 | I18: =ROUND((F18*H18),2) -> 319.8
A19: ='Memória de Cálculo'!A23 -> 2.5 | B19: SEINFRA | C19: ='Memória de Cálculo'!B23 -> ED-8471 | D19: ='Memória de Cálculo'!C23 -> FÔRMA E DESFORMA DE TÁBUA E SARRAFO, REAPROVEITAMENTO (5X), EXCLUSIVE ESCORAMENTO | E19: ='Memória de Cálculo'!D23 -> m² | F19: ='Memória de Cálculo'!E23 -> 74.8 | G19: 61.74 | H19: =ROUND(G19+(G19*$I$7),2) -> 78.43 | I19: =ROUND((F19*H19),2) -> 5866.56
A20: ='Memória de Cálculo'!A24 -> 2.6 | B20: SEINFRA | C20: ='Memória de Cálculo'!B24 -> ED-48298 | D20: ='Memória de Cálculo'!C24 -> CORTE, DOBRA E MONTAGEM DE AÇO CA-50/60, INCLUSIVE ESPAÇADOR | E20: ='Memória de Cálculo'!D24 -> kg | F20: ='Memória de Cálculo'!E24 -> 729.3 | G20: 13.76 | H20: =ROUND(G20+(G20*$I$7),2) -> 17.48 | I20: =ROUND((F20*H20),2) -> 12748.16
A21: ='Memória de Cálculo'!A25 -> 2.7 | B21: SEINFRA | C21: ='Memória de Cálculo'!B25 -> ED-49787 | D21: ='Memória de Cálculo'!C25 -> FORNECIMENTO DE CONCRETO ESTRUTURAL, PREPARADO EM OBRA COM BETONEIRA, COM FCK 25MPA, INCLUSIVE LANÇAMENTO, ADENSAMENTO E ACABAMENTO (FUNDAÇÃO) | E21: ='Memória de Cálculo'!D25 -> m³ | F21: ='Memória de Cálculo'!E25 -> 11.22 | G21: 818.15 | H21: =ROUND(G21+(G21*$I$7),2) -> 1039.38 | I21: =ROUND((F21*H21),2) -> 11661.84
A22: ='Memória de Cálculo'!A26 -> 2.8 | B22: SEINFRA | C22: ='Memória de Cálculo'!B26 -> ED-50174 | D22: ='Memória de Cálculo'!C26 -> PINTURA COM EMULSÃO ASFÁLTICA, DUAS (2) DEMÃOS | E22: ='Memória de Cálculo'!D26 -> m² | F22: ='Memória de Cálculo'!E26 -> 113.61 | G22: 33.71 | H22: =ROUND(G22+(G22*$I$7),2) -> 42.83 | I22: =ROUND((F22*H22),2) -> 4865.92
A23: ='Memória de Cálculo'!A27 -> 2.9 | B23: SEINFRA | C23: ='Memória de Cálculo'!B27 -> ED-51097 | D23: ='Memória de Cálculo'!C27 -> COMPACTAÇÃO MANUAL DE ATERRO COM SOQUETE, INCLUSIVE ESPALHAMENTO MANUAL | E23: ='Memória de Cálculo'!D27 -> m³ | F23: ='Memória de Cálculo'!E27 -> 17.16 | G23: 80.46 | H23: =ROUND(G23+(G23*$I$7),2) -> 102.22 | I23: =ROUND((F23*H23),2) -> 1754.1
A24: 3 | D24: ESTRUTURA | I24: =SUM(I25:I34) -> 88329.3
A25: ='Memória de Cálculo'!A29 -> 3.1 | B25: SEINFRA | C25: ='Memória de Cálculo'!B29 -> ED-8471 | D25: ='Memória de Cálculo'!C29 -> FÔRMA E DESFORMA DE TÁBUA E SARRAFO, REAPROVEITAMENTO (5X), EXCLUSIVE ESCORAMENTO | E25: ='Memória de Cálculo'!D29 -> m² | F25: ='Memória de Cálculo'!E29 -> 76.17 | G25: 61.74 | H25: =ROUND(G25+(G25*$I$7),2) -> 78.43 | I25: =ROUND((F25*H25),2) -> 5974.01
A26: ='Memória de Cálculo'!A30 -> 3.2 | B26: SEINFRA | C26: ='Memória de Cálculo'!B30 -> ED-48298 | D26: ='Memória de Cálculo'!C30 -> CORTE, DOBRA E MONTAGEM DE AÇO CA-50/60, INCLUSIVE ESPAÇADOR | E26: ='Memória de Cálculo'!D30 -> kg | F26: ='Memória de Cálculo'!E30 -> 810.6 | G26: 13.76 | H26: =ROUND(G26+(G26*$I$7),2) -> 17.48 | I26: =ROUND((F26*H26),2) -> 14169.29
A27: ='Memória de Cálculo'!A31 -> 3.3 | B27: SEINFRA | C27: ='Memória de Cálculo'!B31 -> ED-49619 | D27: ='Memória de Cálculo'!C31 -> FORNECIMENTO DE CONCRETO ESTRUTURAL, PREPARADO EM OBRA, COM FCK 25MPA, INCLUSIVE LANÇAMENTO, ADENSAMENTO E ACABAMENTO | E27: ='Memória de Cálculo'!D31 -> m³ | F27: ='Memória de Cálculo'!E31 -> 13.51 | G27: 855.79 | H27: =ROUND(G27+(G27*$I$7),2) -> 1087.2 | I27: =ROUND((F27*H27),2) -> 14688.07
A28: ='Memória de Cálculo'!A32 -> 3.4 | B28: SEINFRA | C28: ='Memória de Cálculo'!B32 -> ED-50846 | D28: ='Memória de Cálculo'!C32 -> ESCADA DE CONCRETO 20 MPa, APARENTE, ESPELHO = 16,3 CM, ARMAÇÃO, FÔRMA PLASTIFICADA, ESCORAMENTO E DESFORMA | E28: ='Memória de Cálculo'!D32 -> m³ | F28: ='Memória de Cálculo'!E32 -> 0.82 | G28: 2803.01 | H28: =ROUND(G28+(G28*$I$7),2) -> 3560.94 | I28: =ROUND((F28*H28),2) -> 2919.97
A29: ='Memória de Cálculo'!A33 -> 3.5 | B29: SEINFRA | C29: ='Memória de Cálculo'!B33 -> ED-50253 | D29: ='Memória de Cálculo'!C33 -> LAJE PRÉ-MOLDADA UNIDIRECIONAL COM ENCHIMENTO EM POLIESTIRENO EXPANDIDO (EPS), CAPEAMENTO DE 4CM, SOBRECARGA DE 100KG/M2, ALTURA TOTAL DE 11CM E VÃO LIVRE MÁXIMO DE 4M, INCLUSIVE CONCRETO ESTRUTURAL, USINADO BOMBEADO COM FCK DE 20MPA, EXCLUSIVE TELA ARMADA E CIMBRAMENTO | E29: ='Memória de Cálculo'!D33 -> m² | F29: ='Memória de Cálculo'!E33 -> 87.52 | G29: 137.41 | H29: =ROUND(G29+(G29*$I$7),2) -> 174.57 | I29: =ROUND((F29*H29),2) -> 15278.37
A30: ='Memória de Cálculo'!A34 -> 3.6 | B30: SEINFRA | C30: ='Memória de Cálculo'!B34 -> ED-50256 | D30: ='Memória de Cálculo'!C34 -> LAJE PRÉ-MOLDADA UNIDIRECIONAL COM ENCHIMENTO EM POLIESTIRENO EXPANDIDO (EPS), CAPEAMENTO DE 4CM, SOBRECARGA DE 200KG/M2, ALTURA TOTAL DE 11CM E VÃO LIVRE MÁXIMO DE 4M, INCLUSIVE CONCRETO ESTRUTURAL, USINADO BOMBEADO COM FCK DE 20MPA, EXCLUSIVE TELA ARMADA E CIMBRAMENTO | E30: ='Memória de Cálculo'!D34 -> m² | F30: ='Memória de Cálculo'!E34 -> 114.2 | G30: 145.73 | H30: =ROUND(G30+(G30*$I$7),2) -> 185.14 | I30: =ROUND((F30*H30),2) -> 21142.99
A31: ='Memória de Cálculo'!A35 -> 3.7 | B31: SEINFRA | C31: ='Memória de Cálculo'!B35 -> ED-29563 | D31: ='Memória de Cálculo'!C35 -> ARMADURA DE TELA DE AÇO CA-60, SOLDADA TIPO Q-61, DIÂMETRO Ø3,4MM, TRAMA COM DIMENSÃO (150X150)MM, INCLUSIVE ESPAÇADOR, EXCLUSIVE CONCRETO | E31: ='Memória de Cálculo'!D35 -> m² | F31: ='Memória de Cálculo'!E35 -> 204.03 | G31: 14.99 | H31: =ROUND(G31+(G31*$I$7),2) -> 19.04 | I31: =ROUND((F31*H31),2) -> 3884.73
A32: ='Memória de Cálculo'!A36 -> 3.8 | B32: SEINFRA | C32: ='Memória de Cálculo'!B36 -> ED-19637 | D32: ='Memória de Cálculo'!C36 -> CIMBRAMENTO PARA LAJE PRÉ-MOLDADA COM ESCORAMENTO METÁLICO, TIPO "A", ALTURA DE (200 ATÉ 310)CM, INCLUSIVE DESCARGA, MONTAGEM, DESMONTAGEM E CARGA | E32: ='Memória de Cálculo'!D36 -> m²xmês | F32: ='Memória de Cálculo'!E36 -> 204.03 | G32: 23.55 | H32: =ROUND(G32+(G32*$I$7),2) -> 29.92 | I32: =ROUND((F32*H32),2) -> 6104.58
A33: ='Memória de Cálculo'!A37 -> 3.9 | B33: SEINFRA | C33: ='Memória de Cálculo'!B37 -> ED-50579 | D33: ='Memória de Cálculo'!C37 -> APLICAÇÃO DE SELANTE, MASTIQUE ELÁSTICO, EM JUNTA DE DILAÇÃO, DIMENSÃO 20X10 MM, FATOR DE FORMA 1:2, EXCLUSIVE DELIMITADOR DE PROFUNDIDADE | E33: ='Memória de Cálculo'!D37 -> m | F33: ='Memória de Cálculo'!E37 -> 14.6 | G33: 37.69 | H33: =ROUND(G33+(G33*$I$7),2) -> 47.88 | I33: =ROUND((F33*H33),2) -> 699.05
A34: ='Memória de Cálculo'!A38 -> 3.10 | B34: SEINFRA | C34: ='Memória de Cálculo'!B38 -> SINAPI 105061 | D34: ='Memória de Cálculo'!C38 -> PILAR DE MADEIRA SERRADA, MAÇARANDUBA OU EQUIVALENTE DA REGIÃO, NÃO APARELHADO, FIXADO COM VERGALHÃO, SEÇÃO QUADRADA 10 X 10 CM, APOIO ARTICULADO, COMPRIMENTO DE 3 M. AF_03/2024 | E34: ='Memória de Cálculo'!D38 -> m | F34: ='Memória de Cálculo'!E38 -> 24 | G34: 113.75 | H34: =ROUND(G34+(G34*$I$7),2) -> 144.51 | I34: =ROUND((F34*H34),2) -> 3468.24
A35: 4 | C35: ='Memória de Cálculo'!B39 -> 0 | D35: ALVENARIA | E35: ='Memória de Cálculo'!D39 -> 0 | F35: ='Memória de Cálculo'!E39 -> 0 | I35: =SUM(I36:I38) -> 52630.48
A36: =+'Memória de Cálculo'!A40 -> 4.1 | B36: SEINFRA | C36: ='Memória de Cálculo'!B40 -> ED-48232 | D36: ='Memória de Cálculo'!C40 -> ALVENARIA DE VEDAÇÃO COM TIJOLO CERÂMICO FURADO, ESP. 14CM, PARA REVESTIMENTO, INCLUSIVE ARGAMASSA PARA ASSENTAMENTO | E36: ='Memória de Cálculo'!D40 -> m² | F36: ='Memória de Cálculo'!E40 -> 498.12 | G36: 74.29 | H36: =ROUND(G36+(G36*$I$7),2) -> 94.38 | I36: =ROUND((F36*H36),2) -> 47012.57
A37: =+'Memória de Cálculo'!A41 -> 4.2 | B37: SEINFRA | C37: ='Memória de Cálculo'!B41 -> ED-48200 | D37: ='Memória de Cálculo'!C41 -> ALVENARIA ESTRUTURAL COM BLOCO DE CONCRETO, ESP. 9CM, (FBK 4,5MPA), INCLUSIVE ARGAMASSA PARA ASSENTAMENTO | E37: ='Memória de Cálculo'!D41 -> m² | F37: ='Memória de Cálculo'!E41 -> 10.44 | G37: 70.13 | H37: =ROUND(G37+(G37*$I$7),2) -> 89.09 | I37: =ROUND((F37*H37),2) -> 930.1
A38: =+'Memória de Cálculo'!A42 -> 4.3 | B38: SEINFRA | C38: ='Memória de Cálculo'!B42 -> ED-9903 | D38: ='Memória de Cálculo'!C42 -> VERGA OU CONTRAVERGA EM CONCRETO ESTRUTURAL PARA VÃOS DE ATÉ 150CM, PREPARADO EM OBRA COM BETONEIRA, CONTROLE "A", COM FCK 20 MPA, MOLDADA IN LOCO, INCLUSIVE ARMAÇÃO | E38: ='Memória de Cálculo'!D42 -> m³ | F38: ='Memória de Cálculo'!E42 -> 1.05 | G38: 3514.31 | H38: =ROUND(G38+(G38*$I$7),2) -> 4464.58 | I38: =ROUND((F38*H38),2) -> 4687.81
A39: 5 | C39: ='Memória de Cálculo'!B43 -> 0 | D39: COBERTURA | E39: ='Memória de Cálculo'!D43 -> 0 | F39: ='Memória de Cálculo'!E43 -> 0 | I39: =SUM(I40:I43) -> 50921.06
A40: =+'Memória de Cálculo'!A44 -> 5.1 | B40: SEINFRA | C40: ='Memória de Cálculo'!B44 -> ED-48407 | D40: ='Memória de Cálculo'!C44 -> ENGRADAMENTO PARA TELHAS CERÂMICA OU CONCRETO EM MADEIRA PARAJU | E40: ='Memória de Cálculo'!D44 -> m² | F40: ='Memória de Cálculo'!E44 -> 142 | G40: 110.77 | H40: =ROUND(G40+(G40*$I$7),2) -> 140.72 | I40: =ROUND((F40*H40),2) -> 19982.24
A41: =+'Memória de Cálculo'!A45 -> 5.2 | B41: SEINFRA | C41: ='Memória de Cálculo'!B45 -> ED-48420 | D41: ='Memória de Cálculo'!C45 -> COBERTURA EM TELHA CERÂMICA, TIPO PLAN, INCLUSIVE FIXAÇÃO, EXCLUSIVE ENGRADAMENTO E MANTA ISOLANTE/ TÉRMICA | E41: ='Memória de Cálculo'!D45 -> m² | F41: ='Memória de Cálculo'!E45 -> 142 | G41: 109.31 | H41: =ROUND(G41+(G41*$I$7),2) -> 138.87 | I41: =ROUND((F41*H41),2) -> 19719.54
A42: =+'Memória de Cálculo'!A46 -> 5.3 | B42: SEINFRA | C42: ='Memória de Cálculo'!B46 -> ED-50669 | D42: ='Memória de Cálculo'!C46 -> CONDUTOR CIRCULAR DE ÁGUA PLUVIAL PARA DO TELHADO EM TUBO DE PVC, DIÂMETRO DE 75MM, INCLUSIVE CONEXÕES E SUPORTES | E42: ='Memória de Cálculo'!D46 -> m | F42: ='Memória de Cálculo'!E46 -> 48 | G42: 105.81 | H42: =ROUND(G42+(G42*$I$7),2) -> 134.42 | I42: =ROUND((F42*H42),2) -> 6452.16
A43: =+'Memória de Cálculo'!A47 -> 5.4 | B43: SEINFRA | C43: ='Memória de Cálculo'!B47 -> ED-50663 | D43: ='Memória de Cálculo'!C47 -> CALHA EM CHAPA GALVANIZADA, ESP. 0,5MM (GSG-26), COM DESENVOLVIMENTO DE 50CM, INCLUSIVE IÇAMENTO MANUAL VERTICAL | E43: ='Memória de Cálculo'!D47 -> m | F43: ='Memória de Cálculo'!E47 -> 63.3 | G43: 59.28 | H43: =ROUND(G43+(G43*$I$7),2) -> 75.31 | I43: =ROUND((F43*H43),2) -> 4767.12
A44: 6 | C44: 0 | D44: ACABAMENTO | I44: =SUM(I45:I48) -> 71798.66
A45: =+'Memória de Cálculo'!A49 -> 6.1 | B45: SEINFRA | C45: ='Memória de Cálculo'!B49 -> ED-50727 | D45: ='Memória de Cálculo'!C49 -> CHAPISCO COM ARGAMASSA, TRAÇO 1:3 (CIMENTO E AREIA), ESP. 5MM, APLICADO EM ALVENARIA/ESTRUTURA DE CONCRETO COM COLHER, PREPARO MECÂNICO | E45: ='Memória de Cálculo'!D49 -> m² | F45: ='Memória de Cálculo'!E49 -> 948.12 | G45: 10.47 | H45: =ROUND(G45+(G45*$I$7),2) -> 13.3 | I45: =ROUND((F45*H45),2) -> 12610
A46: =+'Memória de Cálculo'!A50 -> 6.2 | B46: SEINFRA | C46: ='Memória de Cálculo'!B50 -> ED-50732 | D46: ='Memória de Cálculo'!C50 -> EMBOÇO COM ARGAMASSA, TRAÇO 1:6 (CIMENTO E AREIA), ESP.20MM, APLICAÇÃO MANUAL, PREPARO MECÂNICO | E46: ='Memória de Cálculo'!D50 -> m² | F46: ='Memória de Cálculo'!E50 -> 146.4 | G46: 38.67 | H46: =ROUND(G46+(G46*$I$7),2) -> 49.13 | I46: =ROUND((F46*H46),2) -> 7192.63
A47: =+'Memória de Cálculo'!A51 -> 6.3 | B47: SEINFRA | C47: ='Memória de Cálculo'!B51 -> ED-50759 | D47: ='Memória de Cálculo'!C51 -> REBOCO COM ARGAMASSA, TRAÇO 1:7 (CIMENTO E AREIA), ESP.20MM, APLICAÇÃO MANUAL, PREPARO MECÂNICO | E47: ='Memória de Cálculo'!D51 -> m² | F47: ='Memória de Cálculo'!E51 -> 801.72 | G47: 36.45 | H47: =ROUND(G47+(G47*$I$7),2) -> 46.31 | I47: =ROUND((F47*H47),2) -> 37127.65
A48: =+'Memória de Cálculo'!A52 -> 6.4 | B48: SEINFRA | C48: ='Memória de Cálculo'!B52 -> ED-9081 | D48: ='Memória de Cálculo'!C52 -> REVESTIMENTO COM CERÂMICA APLICADO EM PAREDE, ACABAMENTO ESMALTADO, AMBIENTE INTERNO/EXTERNO, PADRÃO EXTRA, DIMENSÃO DA PEÇA ATÉ 2025 CM2, PEI III, ASSENTAMENTO COM ARGAMASSA INDUSTRIALIZADA, INCLUSIVE REJUNTAMENTO | E48: ='Memória de Cálculo'!D52 -> m² | F48: ='Memória de Cálculo'!E52 -> 146.4 | G48: 79.94 | H48: =ROUND(G48+(G48*$I$7),2) -> 101.56 | I48: =ROUND((F48*H48),2) -> 14868.38
A49: 7 | C49: ='Memória de Cálculo'!B53 -> 0 | D49: ESQUADRIAS/FERRAGENS | E49: ='Memória de Cálculo'!D53 -> 0 | I49: =SUM(I50:I57) -> 107723.93
A50: =+'Memória de Cálculo'!A55 -> 7.1 | B50: SEINFRA | C50: ='Memória de Cálculo'!B55 -> ED-49591 | D50: ='Memória de Cálculo'!C55 -> MARCO DE MADEIRA, DIMENSÃO (80X210)CM, LARGURA DE 14CM, ACABAMENTO NATURAL PARA PINTURA/VERNIZ, INCLUSIVE ASSENTAMENTO, EXCLUSIVE FOLHA DE PORTA, FERRAGENS E PINTURA/VERNIZ | E50: ='Memória de Cálculo'!D55 -> u | F50: ='Memória de Cálculo'!E55 -> 15 | G50: 357.95 | H50: =ROUND(G50+(G50*$I$7),2) -> 454.74 | I50: =ROUND((F50*H50),2) -> 6821.1
A51: =+'Memória de Cálculo'!A56 -> 7.2 | B51: SEINFRA | C51: ='Memória de Cálculo'!B56 -> ED-49612 | D51: ='Memória de Cálculo'!C56 -> RÉGUA PARA ALIZAR, LARGURA DE 7CM, PARA UMA (1) FACE, ACABAMENTO NATURAL PARA PINTURA/VERNIZ, INCLUSIVE FIXAÇÃO, EXCLUSIVE MARCO, FOLHA DE PORTA E PINTURA/ VERNIZ | E51: ='Memória de Cálculo'!D56 -> u | F51: ='Memória de Cálculo'!E56 -> 15 | G51: 118.4 | H51: =ROUND(G51+(G51*$I$7),2) -> 150.42 | I51: =ROUND((F51*H51),2) -> 2256.3
A52: =+'Memória de Cálculo'!A57 -> 7.3 | B52: SEINFRA | C52: ='Memória de Cálculo'!B57 -> ED-49699 | D52: ='Memória de Cálculo'!C57 -> FECHADURA TIPO EXTERNA, GRAU DE SEGURANÇA MÉDIO, DISTÂNCIA DE BROCA 40MM, ACABAMENTO COM ESPELHO CROMADO E MAÇANETA MODELO ALAVANCA EM ZAMAC, INCLUSIVE ACESSÓRIOS PARA FIXAÇÃO E DUAS (2) CHAVES | E52: ='Memória de Cálculo'!D57 -> u | F52: ='Memória de Cálculo'!E57 -> 15 | G52: 120.89 | H52: =ROUND(G52+(G52*$I$7),2) -> 153.58 | I52: =ROUND((F52*H52),2) -> 2303.7
A53: =+'Memória de Cálculo'!A58 -> 7.4 | B53: SEINFRA | C53: ='Memória de Cálculo'!B58 -> SINAPI 91299 | D53: ='Memória de Cálculo'!C58 -> PORTA DE MADEIRA, TIPO MEXICANA, MACIÇA (PESADA OU SUPERPESADA), 80X210CM, ESPESSURA DE 3,5CM, INCLUSO DOBRADIÇAS - FORNECIMENTO E INSTALAÇÃO. AF_10/2025 | E53: ='Memória de Cálculo'!D58 -> u | F53: ='Memória de Cálculo'!E58 -> 15 | G53: 1770.57 | H53: =ROUND(G53+(G53*$I$7),2) -> 2249.33 | I53: =ROUND((F53*H53),2) -> 33739.95
A54: =+'Memória de Cálculo'!A59 -> 7.5 | B54: SEINFRA | C54: ='Memória de Cálculo'!B59 -> SINAPI 100665 | D54: ='Memória de Cálculo'!C59 -> JANELA DE MADEIRA CEDRINHO/ ANGELIM COMERCIAL/ CURUPIXA/ CUMARU OU EQUIVALENTE, CAIXA DO BATENTE/ MARCO 10 CM, COM DUAS FOLHAS DE ABRIR TIPO VENEZIANAS E 2 FOLHAS GUILHOTINAS PARA VIDRO (VIDROS NÃO INCLUSOS), COM GUARNIÇÃO/ ALIZAR E FERRAGENS, FIXAÇÃO COM PARAFUSOS E ESPUMA EXPANSIVA, EXCLUSIVE CONTRAMARCO - FORNECIMENTO E INSTALAÇÃO. AF_11/2024 | E54: ='Memória de Cálculo'!D59 -> m² | F54: ='Memória de Cálculo'!E59 -> 16.8 | G54: 856.8 | H54: =ROUND(G54+(G54*$I$7),2) -> 1088.48 | I54: =ROUND((F54*H54),2) -> 18286.46
A55: =+'Memória de Cálculo'!A60 -> 7.6 | B55: SEINFRA | C55: ='Memória de Cálculo'!B60 -> ED-50983 | D55: ='Memória de Cálculo'!C60 -> PORTÃO DE GRADE EM BARRA REDONDA 1/2" E REQUADRO EM BARRA CHATA 1.1/4"X3/16", EXCLUSIVE CADEADO E PINTURA | E55: ='Memória de Cálculo'!D60 -> m² | F55: ='Memória de Cálculo'!E60 -> 8.46 | G55: 464.88 | H55: =ROUND(G55+(G55*$I$7),2) -> 590.58 | I55: =ROUND((F55*H55),2) -> 4996.31
A56: =+'Memória de Cálculo'!A61 -> 7.7 | B56: SEINFRA | C56: ='Memória de Cálculo'!B61 -> ED-32097 | D56: ='Memória de Cálculo'!C61 -> GUARDA-CORPO EXTERNO, ALTURA 130CM, EM TUBO GALVANIZADO, COM COSTURA, DIÂMETRO 2", ESP. 3MM, GRADIL COM DIVISÃO HORIZONTAL EM TUBO GALVANIZADO, COM COSTURA, DIÂMETRO 1", ESP. 3MM, INCLUSIVE CORRIMÃO DUPLO , EXCLUSIVE PINTURA | E56: ='Memória de Cálculo'!D61 -> m | F56: ='Memória de Cálculo'!E61 -> 39.15 | G56: 753.7 | H56: =ROUND(G56+(G56*$I$7),2) -> 957.5 | I56: =ROUND((F56*H56),2) -> 37486.13
A57: =+'Memória de Cálculo'!A62 -> 7.8 | B57: SEINFRA | C57: ='Memória de Cálculo'!B62 -> ED-32000 | D57: ='Memória de Cálculo'!C62 -> CORRIMÃO DUPLO EM TUBO GALVANIZADO, COM COSTURA, DIÂMETRO DE 1.1/2", ESP. 3MM, FIXADO EM ALVENARIA, INCLUSIVE SUPORTE PARA CORRIMÃO EM BARRA CHATA (1"X1/2") , EXCLUSIVE PINTURA | E57: ='Memória de Cálculo'!D62 -> m | F57: ='Memória de Cálculo'!E62 -> 7.2 | G57: 200.5 | H57: =ROUND(G57+(G57*$I$7),2) -> 254.72 | I57: =ROUND((F57*H57),2) -> 1833.98
A58: 8 | C58: ='Memória de Cálculo'!B63 -> 0 | D58: INSTALAÇÕES HIDRÁULICAS | E58: ='Memória de Cálculo'!D63 -> 0 | F58: ='Memória de Cálculo'!E128 -> 0 | I58: =SUM(I59:I69) -> 16319.46
A59: =+'Memória de Cálculo'!A64 -> 8.1 | B59: SEINFRA | C59: ='Memória de Cálculo'!B64 -> ED-50223 | D59: ='Memória de Cálculo'!C64 -> PONTO DE EMBUTIR PARA ESGOTO EM TUBO PVC RÍGIDO, PB - SÉRIE NORMAL, DN 40MM (1.1/2"), EMBUTIDO NA ALVENARIA/PISO, COM ALTURA (SAÍDA) DE 50CM DO PISO, COM DISTÂNCIA DE ATÉ CINCO (5) METROS DA RAMAL DE ESGOTO, EXCLUSIVE ESCAVAÇÃO, INCLUSIVE CONEXÕES E FIXAÇÃO DO TUBO COM ENCHIMENTO DO RASGO NA ALVENARIA/CONCRETO COM ARGAMASSA | E59: ='Memória de Cálculo'!D64 -> u | F59: ='Memória de Cálculo'!E64 -> 5 | G59: 188.07 | H59: =ROUND(G59+(G59*$I$7),2) -> 238.92 | I59: =ROUND((F59*H59),2) -> 1194.6
A60: =+'Memória de Cálculo'!A65 -> 8.2 | B60: SEINFRA | C60: ='Memória de Cálculo'!B65 -> ED-50225 | D60: ='Memória de Cálculo'!C65 -> PONTO DE EMBUTIR PARA ESGOTO EM TUBO PVC RÍGIDO, PBV - SÉRIE NORMAL, DN 100MM (4"), EMBUTIDO EM PISO COM DISTÂNCIA DE ATÉ CINCO (5) METROS DA RAMAL DE ESGOTO, INCLUSIVE CONEXÕES E FIXAÇÃO DO TUBO COM ENCHIMENTO DO RASGO NO CONCRETO COM ARGAMASSA | E60: ='Memória de Cálculo'!D66 -> u | F60: ='Memória de Cálculo'!E65 -> 4 | G60: 349.55 | H60: =ROUND(G60+(G60*$I$7),2) -> 444.07 | I60: =ROUND((F60*H60),2) -> 1776.28
A61: =+'Memória de Cálculo'!A66 -> 8.3 | B61: SEINFRA | C61: ='Memória de Cálculo'!B66 -> ED-50221 | D61: ='Memória de Cálculo'!C66 -> PONTO DE EMBUTIR PARA ÁGUA FRIA EM TUBO DE PVC RÍGIDO SOLDÁVEL, DN 20MM (1/2"), EMBUTIDO NA ALVENARIA COM DISTÂNCIA DE ATÉ CINCO (5) METROS DA TOMADA DE ÁGUA, INCLUSIVE CONEXÕES E FIXAÇÃO DO TUBO COM ENCHIMENTO DO RASGO NA ALVENARIA/CONCRETO COM ARGAMASSA | E61: u | F61: ='Memória de Cálculo'!E66 -> 5 | G61: 152.9 | H61: =ROUND(G61+(G61*$I$7),2) -> 194.24 | I61: =ROUND((F61*H61),2) -> 971.2
A62: =+'Memória de Cálculo'!A67 -> 8.4 | B62: SEINFRA | C62: ='Memória de Cálculo'!B67 -> ED-49169 | D62: ='Memória de Cálculo'!C67 -> CAIXA DE PASSAGEM EM ALVENARIA E TAMPA DE CONCRETO, FUNDO DE BRITA, TIPO 1, 40 X 40 X 60 CM, INCLUSIVE ESCAVAÇÃO, REATERRO E BOTA-FORA | E62: u | F62: ='Memória de Cálculo'!E67 -> 2 | G62: 373.69 | H62: =ROUND(G62+(G62*$I$7),2) -> 474.74 | I62: =ROUND((F62*H62),2) -> 949.48
A63: =+'Memória de Cálculo'!A68 -> 8.5 | B63: SEINFRA | C63: ='Memória de Cálculo'!B68 -> ED-50013 | D63: ='Memória de Cálculo'!C68 -> CAIXA SIFONADA EM PVC COM TAMPA CEGA 250 X 230 X 75 MM | E63: ='Memória de Cálculo'!D68 -> u | F63: ='Memória de Cálculo'!E68 -> 2 | G63: 148.09 | H63: =ROUND(G63+(G63*$I$7),2) -> 188.13 | I63: =ROUND((F63*H63),2) -> 376.26
A64: =+'Memória de Cálculo'!A69 -> 8.6 | B64: SEINFRA | C64: ='Memória de Cálculo'!B69 -> ED-49952 | D64: ='Memória de Cálculo'!C69 -> RALO SIFONADO PVC CÔNICO ALTURA REGULÁVEL 100 X 40 MM COM GRELHA METÁLICA | E64: ='Memória de Cálculo'!D69 -> u | F64: ='Memória de Cálculo'!E69 -> 2 | G64: 111.51 | H64: =ROUND(G64+(G64*$I$7),2) -> 141.66 | I64: =ROUND((F64*H64),2) -> 283.32
A65: =+'Memória de Cálculo'!A70 -> 8.7 | B65: SEINFRA | C65: ='Memória de Cálculo'!B70 -> ED-50019 | D65: ='Memória de Cálculo'!C70 -> FORNECIMENTO E ASSENTAMENTO DE TUBO PVC RÍGIDO SOLDÁVEL, ÁGUA FRIA, DN 25 MM (3/4") , INCLUSIVE CONEXÕES | E65: ='Memória de Cálculo'!D70 -> m | F65: ='Memória de Cálculo'!E70 -> 50 | G65: 25.83 | H65: =ROUND(G65+(G65*$I$7),2) -> 32.81 | I65: =ROUND((F65*H65),2) -> 1640.5
A66: =+'Memória de Cálculo'!A71 -> 8.8 | B66: SEINFRA | C66: ='Memória de Cálculo'!B71 -> ED-50022 | D66: ='Memória de Cálculo'!C71 -> FORNECIMENTO E ASSENTAMENTO DE TUBO PVC RÍGIDO SOLDÁVEL, ÁGUA FRIA, DN 50 MM (1.1/2"), INCLUSIVE CONEXÕES | E66: ='Memória de Cálculo'!D71 -> m | F66: ='Memória de Cálculo'!E71 -> 40 | G66: 38.78 | H66: =ROUND(G66+(G66*$I$7),2) -> 49.27 | I66: =ROUND((F66*H66),2) -> 1970.8
A67: =+'Memória de Cálculo'!A72 -> 8.9 | B67: SEINFRA | C67: ='Memória de Cálculo'!B72 -> ED-49963 | D67: ='Memória de Cálculo'!C72 -> REGISTRO DE PRESSÃO, TIPO BASE, ROSCÁVEL 1/2" (PARA TUBO SOLDÁVEL OU PPR DN 20MM/CPVC DN 15MM), INCLUSIVE ACABAMENTO (PADRÃO MÉDIO) E CANOPLA CROMADOS | E67: ='Memória de Cálculo'!D72 -> u | F67: ='Memória de Cálculo'!E72 -> 1 | G67: 102.82 | H67: =ROUND(G67+(G67*$I$7),2) -> 130.62 | I67: =ROUND((F67*H67),2) -> 130.62
A68: =+'Memória de Cálculo'!A73 -> 8.10 | B68: SEINFRA | C68: ='Memória de Cálculo'!B73 -> ED-49936 | D68: ='Memória de Cálculo'!C73 -> CAIXA D´ÁGUA DE POLIETILENO, CAPACIDADE DE 1.000L, INCLUSIVE TAMPA, TORNEIRA DE BOIA, EXTRAVASOR, TUBO DE LIMPEZA E ACESSÓRIOS, EXCLUSIVE TUBULAÇÃO DE ENTRADA/ SAÍDA DE ÁGUA | E68: ='Memória de Cálculo'!D73 -> u | F68: ='Memória de Cálculo'!E73 -> 1 | G68: 1010.96 | H68: =ROUND(G68+(G68*$I$7),2) -> 1284.32 | I68: =ROUND((F68*H68),2) -> 1284.32
A69: =+'Memória de Cálculo'!A74 -> 8.11 | B69: SEINFRA | C69: ='Memória de Cálculo'!B74 -> ED-14747 | D69: ='Memória de Cálculo'!C74 -> CANALETA PARA DRENAGEM, EM CONCRETO COM FCK 15MPA, MOLDADA IN LOCO, SEÇÃO 30X20CM, FORMA EM MADEIRA, COM TAMPA EM CONCRETO PARA TRÂNSITO DE PEDESTRE, INCLUSIVE ESCAVAÇÃO, REATERRO COM TRANSPORTE E RETIRADA DO MATERIAL ESCAVADO (EM CAÇAMBA) | E69: ='Memória de Cálculo'!D74 -> m | F69: ='Memória de Cálculo'!E74 -> 16 | G69: 282.49 | H69: =ROUND(G69+(G69*$I$7),2) -> 358.88 | I69: =ROUND((F69*H69),2) -> 5742.08
A70: 9 | C70: ='Memória de Cálculo'!B75 -> 0 | D70: INSTALAÇÕES ELÉTRICAS | E70: ='Memória de Cálculo'!D75 -> 0 | F70: ='Memória de Cálculo'!E144 -> 0 | I70: =SUM(I71:I88) -> 31950.85
A71: =+'Memória de Cálculo'!A76 -> 9.1 | B71: SEINFRA | C71: ED-14183 | D71: ='Memória de Cálculo'!C76 -> QUADRO DE DISTRIBUIÇÃO DE EMBUTIR EM PVC, PARA 16 DISJUNTORES DIN, INCLUSIVE BARRAMENTOS NEUTRO/TERRA, EXCLUSIVE BARRAMENTO DE FASE | E71: ='Memória de Cálculo'!D76 -> u | F71: ='Memória de Cálculo'!E76 -> 1 | G71: 238.06 | H71: =ROUND(G71+(G71*$I$7),2) -> 302.43 | I71: =ROUND((F71*H71),2) -> 302.43
A72: =+'Memória de Cálculo'!A77 -> 9.2 | B72: SEINFRA | C72: ='Memória de Cálculo'!B77 -> ED-34473 | D72: ='Memória de Cálculo'!C77 -> DISJUNTOR BIPOLAR TIPO DIN, CORRENTE NOMINAL DE 10A, FORNECIMENTO E INSTALAÇÃO, INCLUSIVE TERMINAL ILHÓS | E72: ='Memória de Cálculo'!D77 -> u | F72: ='Memória de Cálculo'!E77 -> 3 | G72: 50.15 | H72: =ROUND(G72+(G72*$I$7),2) -> 63.71 | I72: =ROUND((F72*H72),2) -> 191.13
A73: =+'Memória de Cálculo'!A78 -> 9.3 | B73: SEINFRA | C73: ='Memória de Cálculo'!B78 -> ED-34476 | D73: ='Memória de Cálculo'!C78 -> DISJUNTOR BIPOLAR TIPO DIN, CORRENTE NOMINAL DE 25A, FORNECIMENTO E INSTALAÇÃO, INCLUSIVE TERMINAL ILHÓS | E73: ='Memória de Cálculo'!D78 -> u | F73: ='Memória de Cálculo'!E78 -> 4 | G73: 43.85 | H73: =ROUND(G73+(G73*$I$7),2) -> 55.71 | I73: =ROUND((F73*H73),2) -> 222.84
A74: =+'Memória de Cálculo'!A79 -> 9.4 | B74: SEINFRA | C74: ='Memória de Cálculo'!B79 -> ED-15116 | D74: ='Memória de Cálculo'!C79 -> DISJUNTOR DE PROTEÇÃO DIFERENCIAL RESIDUAL (DR), BIPOLAR TIPO DIN, CORRENTE NOMINAL DE 63A, SENSIBILIDADE DE 30MA, FORNECIMENTO E INSTALAÇÃO, INCLUSIVE TERMINAL ILHÓS | E74: ='Memória de Cálculo'!D79 -> u | F74: ='Memória de Cálculo'!E79 -> 1 | G74: 183.73 | H74: =ROUND(G74+(G74*$I$7),2) -> 233.41 | I74: =ROUND((F74*H74),2) -> 233.41
A75: =+'Memória de Cálculo'!A80 -> 9.5 | B75: SEINFRA | C75: ='Memória de Cálculo'!B80 -> ED-50227 | D75: ='Memória de Cálculo'!C80 -> PONTO DE EMBUTIR PARA UM (1) INTERRUPTOR SIMPLES (10A250V), COM PLACA 4"X2" DE UM (1) POSTO, COM ELETRODUTO FLEXÍVEL CORRUGADO, ANTI-CHAMA, DN 25MM (3/4"), EMBUTIDO NA ALVENARIA E CABO DE COBRE FLEXÍVEL, CLASSE 5, ISOLAMENTO TIPO LSHF/ATOX, NÃO HALOGENADO, SEÇÃO 1, 5MM2 (70°C-450/750V), COM DISTÂNCIA DE ATÉ DEZ (10) METROS DO PONTO DE DERIVAÇÃO, INCLUSIVE CAIXA DE LIGAÇÃO, SUPORTE E FIXAÇÃO DO ELETRODUTO COM ENCHIMENTO DO RASGO NA ALVENARIA/CONCRETO COM ARGAMASSA | E75: ='Memória de Cálculo'!D80 -> u | F75: ='Memória de Cálculo'!E80 -> 20 | G75: 264.12 | H75: =ROUND(G75+(G75*$I$7),2) -> 335.54 | I75: =ROUND((F75*H75),2) -> 6710.8
A76: =+'Memória de Cálculo'!A81 -> 9.6 | B76: SEINFRA | C76: ='Memória de Cálculo'!B81 -> ED-50228 | D76: ='Memória de Cálculo'!C81 -> PONTO DE EMBUTIR PARA UMA (1) LUMINÁRIA,COM ELETRODUTO DE PVC RÍGIDO ROSCÁVEL, DN 20MM (3/4"), EMBUTIDO NA LAJE E CABO DE COBRE FLEXÍVEL, CLASSE 5, ISOLAMENTO TIPO LSHF/ ATOX, NÃO HALOGENADO, SEÇÃO 1,5MM2 (70°C-450/750V), COM DISTÂNCIA DE ATÉ CINCO (5) METROS DO PONTO DE DERIVAÇÃO, EXCLUSIVE LUMINÁRIA, INCLUSIVE CAIXA DE LIGAÇÃO OCTOGONAL, SUPORTE E FIXAÇÃO DO ELETRODUTO | E76: ='Memória de Cálculo'!D81 -> u | F76: ='Memória de Cálculo'!E81 -> 18 | G76: 118.09 | H76: =ROUND(G76+(G76*$I$7),2) -> 150.02 | I76: =ROUND((F76*H76),2) -> 2700.36
A77: =+'Memória de Cálculo'!A82 -> 9.7 | B77: SEINFRA | C77: ='Memória de Cálculo'!B82 -> ED-50232 | D77: ='Memória de Cálculo'!C82 -> PONTO DE EMBUTIR PARA UMA (1) TOMADA PADRÃO, TRÊS (3) POLOS (2P+T/10A-250V), COM PLACA 4"X2" DE UM (1) POSTO, COM ELETRODUTO FLEXÍVEL CORRUGADO, ANTI-CHAMA, DN 25MM (3/ 4"), EMBUTIDO NA ALVENARIA E CABO DE COBRE FLEXÍVEL, CLASSE 5, ISOLAMENTO TIPO LSHF/ATOX, NÃO HALOGENADO, SEÇÃO 2,5MM2 (70°C-450/750V), COM DISTÂNCIA DE ATÉ DEZ (10) METROS DO PONTO DE DERIVAÇÃO, INCLUSIVE CAIXA DE LIGAÇÃO, SUPORTE E FIXAÇÃO DO ELETRODUTO COM ENCHIMENTO DO RASGO NA ALVENARIA/CONCRETO COM ARGAMASSA | E77: ='Memória de Cálculo'!D82 -> u | F77: ='Memória de Cálculo'!E82 -> 18 | G77: 311.42 | H77: =ROUND(G77+(G77*$I$7),2) -> 395.63 | I77: =ROUND((F77*H77),2) -> 7121.34
A78: =+'Memória de Cálculo'!A83 -> 9.8 | B78: SEINFRA | C78: ='Memória de Cálculo'!B83 -> ED-15733 | D78: ='Memória de Cálculo'!C83 -> CONJUNTO DE UM (1) INTERRUPTOR SIMPLES, CORRENTE 10A, TENSÃO 250V, (10A-250V), COM PLACA 4"X2" DE UM (1) POSTO, INCLUSIVE FORNECIMENTO, INSTALAÇÃO, SUPORTE, MÓDULO E PLACA | E78: ='Memória de Cálculo'!D83 -> u | F78: ='Memória de Cálculo'!E83 -> 20 | G78: 31.53 | H78: =ROUND(G78+(G78*$I$7),2) -> 40.06 | I78: =ROUND((F78*H78),2) -> 801.2
A79: =+'Memória de Cálculo'!A84 -> 9.9 | B79: SEINFRA | C79: ='Memória de Cálculo'!B84 -> ED-15748 | D79: ='Memória de Cálculo'!C84 -> CONJUNTO DE UMA (1) TOMADA PADRÃO, TRÊS (3) POLOS, CORRENTE 10A, TENSÃO 250V, (2P+T/10A-250V), COM PLACA 4"X2" DE UM (1) POSTO, INCLUSIVE FORNECIMENTO, INSTALAÇÃO, SUPORTE, MÓDULO E PLACA | E79: ='Memória de Cálculo'!D84 -> u | F79: ='Memória de Cálculo'!E84 -> 18 | G79: 33.71 | H79: =ROUND(G79+(G79*$I$7),2) -> 42.83 | I79: =ROUND((F79*H79),2) -> 770.94
A80: =+'Memória de Cálculo'!A85 -> 9.10 | B80: SEINFRA | C80: ='Memória de Cálculo'!B85 -> ED-48966 | D80: ='Memória de Cálculo'!C85 -> CABO DE COBRE FLEXÍVEL, CLASSE 5, ISOLAMENTO TIPO LSHF/ ATOX, NÃO HALOGENADO, ANTICHAMA, TERMOPLÁSTICO, UNIPOLAR, SEÇÃO 10 MM2, 70°C, 450/750V | E80: ='Memória de Cálculo'!D85 -> m | F80: ='Memória de Cálculo'!E85 -> 40 | G80: 15.72 | H80: =ROUND(G80+(G80*$I$7),2) -> 19.97 | I80: =ROUND((F80*H80),2) -> 798.8
A81: =+'Memória de Cálculo'!A86 -> 9.11 | B81: SEINFRA | C81: ='Memória de Cálculo'!B86 -> ED-48951 | D81: ='Memória de Cálculo'!C86 -> CABO DE COBRE FLEXÍVEL, CLASSE 5, ISOLAMENTO TIPO LSHF/ ATOX, NÃO HALOGENADO, ANTICHAMA, TERMOPLÁSTICO, UNIPOLAR, SEÇÃO 2,5 MM2, 70°C, 450/750V | E81: ='Memória de Cálculo'!D86 -> m | F81: ='Memória de Cálculo'!E86 -> 40 | G81: 4.64 | H81: =ROUND(G81+(G81*$I$7),2) -> 5.89 | I81: =ROUND((F81*H81),2) -> 235.6
A82: =+'Memória de Cálculo'!A87 -> 9.12 | B82: SEINFRA | C82: ='Memória de Cálculo'!B87 -> ED-48956 | D82: ='Memória de Cálculo'!C87 -> CABO DE COBRE FLEXÍVEL, CLASSE 5, ISOLAMENTO TIPO LSHF/ ATOX, NÃO HALOGENADO, ANTICHAMA, TERMOPLÁSTICO, UNIPOLAR, SEÇÃO 4 MM2, 70°C, 450/750V | E82: ='Memória de Cálculo'!D87 -> m | F82: ='Memória de Cálculo'!E87 -> 40 | G82: 6.45 | H82: =ROUND(G82+(G82*$I$7),2) -> 8.19 | I82: =ROUND((F82*H82),2) -> 327.6
A83: =+'Memória de Cálculo'!A88 -> 9.13 | B83: SEINFRA | C83: ='Memória de Cálculo'!B88 -> ED-48961 | D83: ='Memória de Cálculo'!C88 -> CABO DE COBRE FLEXÍVEL, CLASSE 5, ISOLAMENTO TIPO LSHF/ ATOX, NÃO HALOGENADO, ANTICHAMA, TERMOPLÁSTICO, UNIPOLAR, SEÇÃO 6 MM2, 70°C, 450/750V | E83: ='Memória de Cálculo'!D88 -> m | F83: ='Memória de Cálculo'!E88 -> 20 | G83: 9.01 | H83: =ROUND(G83+(G83*$I$7),2) -> 11.45 | I83: =ROUND((F83*H83),2) -> 229
... A88: =+'Memória de Cálculo'!A93 -> 9.18 | B88: SEINFRA | C88: ='Memória de Cálculo'!B93 -> ED-20580 | D88: ='Memória de Cálculo'!C93 -> ENTRADA DE ENERGIA AÉREA, TIPO B2, PADRÃO CEMIG, CARGA INSTALADA DE 10,1KW ATÉ 15KW, BIFÁSICO, COM SAÍDA SUBTERRÂNEA, INCLUSIVE POSTE, CAIXA PARA MEDIDOR, DISJUNTOR, BARRAMENTO, ATERRAMENTO E ACESSÓRIOS | E88: ='Memória de Cálculo'!D93 -> u | F88: ='Memória de Cálculo'!E93 -> 1 | G88: 2724.62 | H88: =ROUND(G88+(G88*$I$7),2) -> 3461.36 | I88: =ROUND((F88*H88),2) -> 3461.36
A89: 10 | C89: ='Memória de Cálculo'!B94 -> 0 | D89: PISO | E89: ='Memória de Cálculo'!D94 -> 0 | F89: ='Memória de Cálculo'!E162 -> 0 | I89: =SUM(I90:I93) -> 69793.5
A90: =+'Memória de Cálculo'!A95 -> 10.1 | B90: SEINFRA | C90: ='Memória de Cálculo'!B95 -> ED-50544 | D90: ='Memória de Cálculo'!C95 -> REVESTIMENTO COM CERÂMICA APLICADO EM PISO, ACABAMENTO ESMALTADO, AMBIENTE EXTERNO ( ANTIDERRAPANTE), PADRÃO EXTRA, DIMENSÃO DA PEÇA ATÉ 2025 CM2, PEI IV, ASSENTAMENTO COM ARGAMASSA INDUSTRIALIZADA, INCLUSIVE REJUNTAMENTO | E90: ='Memória de Cálculo'!D95 -> m² | F90: ='Memória de Cálculo'!E95 -> 172.21 | G90: 92.37 | H90: =ROUND(G90+(G90*$I$7),2) -> 117.35 | I90: =ROUND((F90*H90),2) -> 20208.84
A91: =+'Memória de Cálculo'!A96 -> 10.2 | B91: SEINFRA | C91: ='Memória de Cálculo'!B96 -> ED-50569 | D91: ='Memória de Cálculo'!C96 -> CONTRAPISO DESEMPENADO COM ARGAMASSA, TRAÇO 1:3 ( CIMENTO E AREIA), ESP. 50MM | E91: ='Memória de Cálculo'!D96 -> m² | F91: ='Memória de Cálculo'!E96 -> 164.64 | G91: 67.02 | H91: =ROUND(G91+(G91*$I$7),2) -> 85.14 | I91: =ROUND((F91*H91),2) -> 14017.45
A92: =+'Memória de Cálculo'!A97 -> 10.3 | B92: SEINFRA | C92: ='Memória de Cálculo'!B97 -> ED-9317 | D92: ='Memória de Cálculo'!C97 -> PISO EM CONCRETO, PREPARADO EM OBRA COM BETONEIRA, FCK 10MPA, SEM ARMAÇÃO, ACABAMENTO RÚSTICO, ESP. 5CM, INCLUSIVE FORNECIMENTO, LANÇAMENTO, ADENSAMENTO, SARRAFEAMENTO, EXCLUSIVE JUNTA DE DILATAÇÃO | E92: ='Memória de Cálculo'!D97 -> m² | F92: ='Memória de Cálculo'!E97 -> 172.47 | G92: 63.33 | H92: =ROUND(G92+(G92*$I$7),2) -> 80.45 | I92: =ROUND((F92*H92),2) -> 13875.21
A93: =+'Memória de Cálculo'!A98 -> 10.4 | B93: SEINFRA | C93: ='Memória de Cálculo'!B98 -> ED-8913 | D93: ='Memória de Cálculo'!C98 -> EXECUÇÃO DE PAVIMENTO COM PISO INTERTRAVADO, TIPO SEXTAVADO, ESP. 6CM, COM FCK DE 35MPA, INCLUSIVE COLCHÃO DE AREIA, ESP. 6CM, PARA ASSENTAMENTO, COMPACTAÇÃO MECANIZADA, CARGA E DESCARGA MECÂNICA EM CAMINHÃO, EXCLUSIVE TRANSPORTE DE PISO INTERTRAVADO | E93: ='Memória de Cálculo'!D98 -> m² | F93: ='Memória de Cálculo'!E98 -> 187 | G93: 91.31 | H93: =ROUND(G93+(G93*$I$7),2) -> 116 | I93: =ROUND((F93*H93),2) -> 21692
A94: 11 | C94: ='Memória de Cálculo'!B99 -> 0 | D94: LOUÇAS E METAIS | E94: ='Memória de Cálculo'!D99 -> 0 | F94: ='Memória de Cálculo'!E166 -> 0 | I94: =SUM(I95:I104) -> 4985.22
A95: =+'Memória de Cálculo'!A100 -> 11.1 | B95: SEINFRA | C95: ='Memória de Cálculo'!B100 -> ED-6926 | D95: ='Memória de Cálculo'!C100 -> BACIA SANITÁRIA (VASO) DE LOUÇA CONVENCIONAL ACESSÍVEL ( PCR/PMR), COR BRANCA, INCLUSIVE ACESSÓRIOS DE FIXAÇÃO/ VEDAÇÃO E REJUNTAMENTO, EXCLUSIVE ASSENTO, VÁLVULA DE DESCARGA E TUBO DE LIGAÇÃO | E95: ='Memória de Cálculo'!D100 -> u | F95: ='Memória de Cálculo'!E100 -> 2 | G95: 667.99 | H95: =ROUND(G95+(G95*$I$7),2) -> 848.61 | I95: =ROUND((F95*H95),2) -> 1697.22 | J95: 0
A96: =+'Memória de Cálculo'!A101 -> 11.2 | B96: SEINFRA | C96: ='Memória de Cálculo'!B101 -> ED-48156 | D96: ='Memória de Cálculo'!C101 -> ASSENTO BRANCO PARA VASO | E96: ='Memória de Cálculo'!D101 -> u | F96: ='Memória de Cálculo'!E101 -> 2 | G96: 44.58 | H96: =ROUND(G96+(G96*$I$7),2) -> 56.63 | I96: =ROUND((F96*H96),2) -> 113.26
A97: =+'Memória de Cálculo'!A102 -> 11.3 | B97: SEINFRA | C97: ='Memória de Cálculo'!B102 -> ED-50283 | D97: ='Memória de Cálculo'!C102 -> LAVATÓRIO DE LOUÇA BRANCA SEM COLUNA, TAMANHO MÉDIO, INCLUSIVE ACESSÓRIOS DE FIXAÇÃO, VÁLVULA DE ESCOAMENTO DE METAL COM ACABAMENTO CROMADO, SIFÃO DE METAL TIPO COPO COM ACABAMENTO CROMADO, FORNECIMENTO, INSTALAÇÃO E REJUNTAMENTO, EXCLUSIVE TORNEIRA E ENGATE FLEXÍVEL | E97: ='Memória de Cálculo'!D102 -> u | F97: ='Memória de Cálculo'!E102 -> 2 | G97: 458.94 | H97: =ROUND(G97+(G97*$I$7),2) -> 583.04 | I97: =ROUND((F97*H97),2) -> 1166.08
A98: =+'Memória de Cálculo'!A103 -> 10.8 | B98: SEINFRA | C98: ='Memória de Cálculo'!B103 -> ED-16344 | D98: ='Memória de Cálculo'!C103 -> CHUVEIRO ELÉTRICO BRANCO, TENSÃO 127V/220V, POTÊNCIA 4600W/5500W, INCLUSIVE BRAÇO, FORNECIMENTO E INSTALAÇÃO | E98: ='Memória de Cálculo'!D103 -> u | F98: ='Memória de Cálculo'!E103 -> 0 | G98: 107.19 | H98: =ROUND(G98+(G98*$I$7),2) -> 136.17
A99: =+'Memória de Cálculo'!A104 -> 11.4 | B99: SEINFRA | C99: ='Memória de Cálculo'!B104 -> SINAPI 106772 | D99: ='Memória de Cálculo'!C104 -> PIA DE AÇO INOX, DE *0,55 X 1,20* M COM 1 CUBA - FORNECIMENTO E INSTALAÇÃO. AF_02/2026 | E99: ='Memória de Cálculo'!D104 -> u | F99: ='Memória de Cálculo'!E104 -> 2 | G99: 339.82 | H99: =ROUND(G99+(G99*$I$7),2) -> 431.71 | I99: =ROUND((F99*H99),2) -> 863.42
A100: =+'Memória de Cálculo'!A105 -> 11.5 | B100: SEINFRA | C100: ='Memória de Cálculo'!B105 -> ED-50294 | D100: ='Memória de Cálculo'!C105 -> TANQUE DE POLIPROPILENO, CAPACIDADE 24 LITROS, INCLUSIVE ACESSÓRIOS DE FIXAÇÃO, VÁLVULA DE ESCOAMENTO DE PLÁSTICO (PVC) NA COR BRANCA E SIFÃO DE PLÁSTICO (PVC) TIPO COPO NA COR BRANCA, EXCLUSIVE TORNEIRA | E100: ='Memória de Cálculo'!D105 -> u | F100: ='Memória de Cálculo'!E105 -> 1 | G100: 164.17 | H100: =ROUND(G100+(G100*$I$7),2) -> 208.56 | I100: =ROUND((F100*H100),2) -> 208.56
A101: =+'Memória de Cálculo'!A106 -> 11.6 | B101: SEINFRA | C101: ='Memória de Cálculo'!B106 -> ED-50324 | D101: ='Memória de Cálculo'!C106 -> TORNEIRA METÁLICA PARA PIA, BICA MÓVEL, ABERTURA 1/4 DE VOLTA, ACABAMENTO CROMADO, COM AREJADOR, APLICAÇÃO DE MESA, INCLUSIVE ENGATE FLEXÍVEL METÁLICO, FORNECIMENTO E INSTALAÇÃO | E101: ='Memória de Cálculo'!D106 -> u | F101: ='Memória de Cálculo'!E106 -> 4 | G101: 165.04 | H101: =ROUND(G101+(G101*$I$7),2) -> 209.67 | I101: =ROUND((F101*H101),2) -> 838.68
A102: =+'Memória de Cálculo'!A107 -> 10.10 | B102: SEINFRA | C102: ='Memória de Cálculo'!B107 -> ED-50323 | D102: ='Memória de Cálculo'!C107 -> TORNEIRA METÁLICA PARA IRRIGAÇÃO/JARDIM, ACABAMENTO CROMADO, APLICAÇÃO DE PAREDE, INCLUSIVE FORNECIMENTO E INSTALAÇÃO | E102: ='Memória de Cálculo'!D107 -> u | F102: ='Memória de Cálculo'!E107 -> 0 | G102: 43.78 | H102: =ROUND(G102+(G102*$I$7),2) -> 55.62
A103: =+'Memória de Cálculo'!A108 -> 11.7 | B103: SEINFRA | C103: ='Memória de Cálculo'!B108 -> ED-50323 | D103: ='Memória de Cálculo'!C108 -> TORNEIRA METÁLICA PARA IRRIGAÇÃO/JARDIM, ACABAMENTO CROMADO, APLICAÇÃO DE PAREDE | E103: ='Memória de Cálculo'!D108 -> u | F103: ='Memória de Cálculo'!E108 -> 1 | G103: 57.24 | H103: =ROUND(G103+(G103*$I$7),2) -> 72.72 | I103: =ROUND((F103*H103),2) -> 72.72
A104: =+'Memória de Cálculo'!A109 -> 11.8 | B104: SEINFRA | C104: ='Memória de Cálculo'!B109 -> ED-32664 | D104: ='Memória de Cálculo'!C109 -> TORNEIRA PLÁSTICA PARA TANQUE/IRRIGAÇÃO, BICO COM ROSCA | E104: ='Memória de Cálculo'!D109 -> u | F104: ='Memória de Cálculo'!E109 -> 1 | G104: 19.9 | H104: =ROUND(G104+(G104*$I$7),2) -> 25.28 | I104: =ROUND((F104*H104),2) -> 25.28
A105: 12 | C105: ='Memória de Cálculo'!B110 -> 0 | D105: DIVERSOS | E105: ='Memória de Cálculo'!D110 -> 0 | F105: ='Memória de Cálculo'!E181 -> 0 | I105: =SUM(I106:I108) -> 7129.37
...

Sheet Cronograma
A2: CRONOGRAMA FÍSICO-FINANCEIRO
A3: ='Planilha Orcamentaria '!A3:E3 -> PREFEITURA MUNICIPAL DE MINAS NOVAS | E3: VALOR DO CONVÊNIO: | F3: =D42 -> 609170.54 | H3: DATA: | I3: 46219 | J3: FOLHA Nº: 01/01
A4: ='Planilha Orcamentaria '!A4:E4 -> OBRA: Camelódromo | H4: PREVISÃO DE EXECUÇÃO DAS OBRAS: 6 MESES
A5: ='Planilha Orcamentaria '!A5:E5 -> LOCAL: Praça Dr. Badaró - Centro - Minas Novas - MG
A6: ITENS | B6: ETAPAS/DESCRIÇÃO | C6: FÍSICO/ FINANCEIRO | D6: TOTAL ETAPAS | E6: MÊS 1 | F6: MÊS 2 | G6: MÊS 3 | H6: MÊS 4 | I6: MÊS 5 | J6: MÊS 6
A7: 1.0 | B7: ='Planilha Orcamentaria '!D10 -> INSTALAÇÕES INICIAIS | C7: Físico % | D7: =D8/$D$42 -> 0.023001309 | E7: 1 | F7: 0 | G7: 0 | H7: 0 | I7: 0 | J7: 0
C8: Financeiro | D8: ='Planilha Orcamentaria '!I10 -> 14011.72 | E8: =E7*$D$8 -> 14011.72 | F8: =F7*$D$8 -> 0 | G8: =G7*$D$8 -> 0 | H8: =H7*$D$8 -> 0 | I8: =I7*$D$8 -> 0 | J8: =J7*$D$8 -> 0
A9: 2.0 | B9: ='Planilha Orcamentaria '!D14 -> FUNDAÇÃO | C9: Físico % | D9: =D10/$D$42 -> 0.06609187 | E9: 0.8 | F9: 0.2 | G9: 0 | H9: 0 | I9: 0 | J9: 0
C10: Financeiro | D10: ='Planilha Orcamentaria '!I14 -> 40261.22 | E10: =E9*$D$10 -> 32208.976 | F10: =F9*$D$10 -> 8052.244 | G10: =G9*$D$8 -> 0 | H10: =H9*$D$8 -> 0 | I10: =I9*$D$8 -> 0 | J10: =J9*$D$8 -> 0
A11: 3.0 | B11: ='Planilha Orcamentaria '!D24 -> ESTRUTURA | C11: Físico % | D11: =D12/$D$42 -> 0.1449993 | E11: 0.3 | F11: 0.5 | G11: 0.2 | H11: 0 | I11: 0 | J11: 0
C12: Financeiro | D12: ='Planilha Orcamentaria '!I24 -> 88329.3 | E12: =E11*$D$12 -> 26498.79 | F12: =F11*$D$12 -> 44164.65 | G12: =G11*$D$12 -> 17665.86 | H12: =H11*$D$8 -> 0 | I12: =I11*$D$8 -> 0 | J12: =J11*$D$8 -> 0
A13: 4.0 | B13: ='Planilha Orcamentaria '!D35 -> ALVENARIA | C13: Físico % | D13: =D14/$D$42 -> 0.086396955 | E13: 0 | F13: 0.6 | G13: 0.3 | H13: 0.1 | I13: 0 | J13: 0
C14: Financeiro | D14: ='Planilha Orcamentaria '!I35 -> 52630.48 | E14: =E13*$D$14 -> 0 | F14: =F13*$D$14 -> 31578.288 | G14: =G13*$D$14 -> 15789.144 | H14: =H13*$D$14 -> 5263.048 | I14: =I13*$D$8 -> 0 | J14: =J13*$D$8 -> 0
A15: 5.0 | B15: ='Planilha Orcamentaria '!D39 -> COBERTURA | C15: Físico % | D15: =D16/$D$42 -> 0.083590812 | E15: 0 | F15: 0.2 | G15: 0.5 | H15: 0.3 | I15: 0 | J15: 0
C16: Financeiro | D16: ='Planilha Orcamentaria '!I39 -> 50921.06 | E16: =E15*$D$14 -> 0 | F16: =F15*$D$16 -> 10184.212 | G16: =G15*$D$16 -> 25460.53 | H16: =H15*$D$16 -> 15276.318 | I16: =I15*$D$8 -> 0 | J16: =J15*$D$8 -> 0
A17: 6.0 | B17: ='Planilha Orcamentaria '!D44 -> ACABAMENTO | C17: Físico % | D17: =D18/$D$42 -> 0.11786299 | E17: 0 | F17: 0 | G17: 0.5 | H17: 0.5 | I17: 0 | J17: 0
C18: Financeiro | D18: ='Planilha Orcamentaria '!I44 -> 71798.66 | E18: =E17*$D$14 -> 0 | F18: =F17*$D$18 -> 0 | G18: =G17*$D$18 -> 35899.33 | H18: =H17*$D$18 -> 35899.33 | I18: =I17*$D$18 -> 0 | J18: =J17*$D$8 -> 0
A19: 7.0 | B19: ='Planilha Orcamentaria '!D49 -> ESQUADRIAS/FERRAGENS | C19: Físico % | D19: =D20/$D$42 -> 0.17683706 | E19: 0 | F19: 0 | G19: 0.1 | H19: 0.3 | I19: 0.6 | J19: 0
C20: Financeiro | D20: ='Planilha Orcamentaria '!I49 -> 107723.93 | E20: =E19*$D$14 -> 0 | F20: =F19*$D$18 -> 0 | G20: =G19*$D$20 -> 10772.393 | H20: =H19*$D$20 -> 32317.179 | I20: =I19*$D$20 -> 64634.358 | J20: =J19*$D$8 -> 0
A21: 8.0 | B21: ='Planilha Orcamentaria '!D58 -> INSTALAÇÕES HIDRÁULICAS | C21: Físico % | D21: =D22/$D$42 -> 0.026789641 | E21: 0 | F21: 0 | G21: 0.4 | H21: 0.6 | I21: 0 | J21: 0
C22: Financeiro | D22: ='Planilha Orcamentaria '!I58 -> 16319.46 | E22: =E21*$D$14 -> 0 | F22: =F21*$D$18 -> 0 | G22: =G21*$D$22 -> 6527.784 | H22: =H21*$D$22 -> 9791.676 | I22: =I21*$D$22 -> 0 | J22: =J21*$D$8 -> 0
A23: 9.0 | B23: ='Planilha Orcamentaria '!D70 -> INSTALAÇÕES ELÉTRICAS | C23: Físico % | D23: =D24/$D$42 -> 0.052449762 | E23: 0 | F23: 0 | G23: 0.4 | H23: 0.6 | I23: 0 | J23: 0
C24: Financeiro | D24: ='Planilha Orcamentaria '!I70 -> 31950.85 | E24: =E23*$D$14 -> 0 | F24: =F23*$D$18 -> 0 | G24: =G23*$D$24 -> 12780.34 | H24: =H23*$D$24 -> 19170.51 | I24: =I23*$D$24 -> 0 | J24: =J23*$D$24 -> 0
A25: 10.0 | B25: ='Planilha Orcamentaria '!D89 -> PISO | C25: Físico % | D25: =D26/$D$42 -> 0.11457136 | E25: 0 | F25: 0 | G25: 0 | H25: 0 | I25: 0.6 | J25: 0.4
C26: Financeiro | D26: ='Planilha Orcamentaria '!I89 -> 69793.5 | E26: =E25*$D$14 -> 0 | F26: =F25*$D$18 -> 0 | G26: =G25*$D$22 -> 0 | H26: =H25*$D$26 -> 0 | I26: =I25*$D$26 -> 41876.1 | J26: =J25*$D$26 -> 27917.4
A27: 11.0 | B27: ='Planilha Orcamentaria '!D94 -> LOUÇAS E METAIS | C27: Físico % | D27: =D28/$D$42 -> 0.0081836196 | E27: 0 | F27: 0 | G27: 0 | H27: 0 | I27: 0 | J27: 1
C28: Financeiro | D28: ='Planilha Orcamentaria '!I94 -> 4985.22 | E28: =E27*$D$14 -> 0 | F28: =F27*$D$18 -> 0 | G28: =G27*$D$22 -> 0 | H28: =H27*$D$26 -> 0 | I28: =I27*$D$28 -> 0 | J28: =J27*$D$28 -> 4985.22
A29: 12.0 | B29: ='Planilha Orcamentaria '!D105 -> DIVERSOS | C29: Físico % | D29: =D30/$D$42 -> 0.011703406 | E29: 0 | F29: 0 | G29: 0 | H29: 0 | I29: 0 | J29: 1
C30: Financeiro | D30: ='Planilha Orcamentaria '!I105 -> 7129.37 | E30: =E29*$D$14 -> 0 | F30: =F29*$D$18 -> 0 | G30: =G29*$D$22 -> 0 | H30: =H29*$D$26 -> 0 | I30: =I29*$D$28 -> 0 | J30: =J29*$D$30 -> 7129.37
A31: 13.0 | B31: ='Planilha Orcamentaria '!D109 -> PINTURA | C31: Físico % | D31: =D32/$D$42 -> 0.082286694 | E31: 0 | F31: 0 | G31: 0 | H31: 0 | I31: 0 | J31: 1
C32: Financeiro | D32: ='Planilha Orcamentaria '!I109 -> 50126.63 | E32: =E31*$D$14 -> 0 | F32: =F31*$D$18 -> 0 | G32: =G31*$D$22 -> 0 | H32: =H31*$D$26 -> 0 | I32: =I31*$D$28 -> 0 | J32: =J31*$D$32 -> 50126.63
A33: 14.0 | B33: ='Planilha Orcamentaria '!D116 -> PREVENÇÃO E COMBATE A INCÊNDIO | C33: Físico % | D33: =D34/$D$42 -> 0.0021730532 | E33: 0 | F33: 0 | G33: 0 | H33: 0 | I33: 0 | J33: 1
C34: Financeiro | D34: ='Planilha Orcamentaria '!I116 -> 1323.76 | E34: =E33*$D$14 -> 0 | F34: =F33*$D$18 -> 0 | G34: =G33*$D$22 -> 0 | H34: =H33*$D$26 -> 0 | I34: =I33*$D$28 -> 0 | J34: =J33*$D$34 -> 1323.76
A35: 15.0 | B35: ='Planilha Orcamentaria '!D120 -> LIMPEZA | C35: Físico % | D35: =D36/$D$42 -> 0.0030621638 | E35: 0 | F35: 0 | G35: 0 | H35: 0 | I35: 0 | J35: 1
C36: Financeiro | D36: ='Planilha Orcamentaria '!I120 -> 1865.38 | E36: =E35*$D$14 -> 0 | F36: =F35*$D$18 -> 0 | G36: =G35*$D$22 -> 0 | H36: =H35*$D$26 -> 0 | I36: =I35*$D$28 -> 0 | J36: =J35*$D$36 -> 1865.38
A37: ='[1]Planilha Orcamentária'!A22 -> 4.0 | C37: Físico % | D37: =D38/$D$42 -> 0 | E37: 0 | F37: 0 | G37: 0 | H37: 0 | I37: 0 | J37: 0
C38: Financeiro | E38: =E37*$D$38 -> 0 | F38: =F37*$D$38 -> 0 | G38: =G37*$D$38 -> 0 | H38: =H37*$D$38 -> 0 | I38: =I37*$D$38 -> 0 | J38: =J37*$D$38 -> 0
A39: ='[1]Planilha Orcamentária'!A26 -> 5.0 | C39: Físico % | D39: =D40/$D$42 -> 0 | E39: 0 | F39: 0 | G39: 0 | H39: 0 | I39: 0 | J39: 0
C40: Financeiro | E40: =E39*$D$40 -> 0 | F40: =F39*$D$40 -> 0 | G40: =G39*$D$40 -> 0 | H40: =H39*$D$40 -> 0 | I40: =I39*$D$40 -> 0 | J40: =J39*$D$40 -> 0
A41: TOTAL | C41: Físico % | D41: =+D29+D27+D25+D23+D21+D19+D17+D15+D13+D11+D7+D9+D31+D35 -> 0.99782695 | E41: =E42/$D$42 -> 0.11937459 | F41: =F42/$D$42 -> 0.15427436 | G41: =G42/$D$42 -> 0.20502531 | H41: =H42/$D$42 -> 0.19324319 | I41: =I42/$D$42 -> 0.17484506 | J41: =J42/$D$42 -> 0.15323748
C42: Financeiro | D42: =+D30+D28+D26+D24+D22+D20+D18++D16+D14+D12+D10+D8+D32+D36+D34 -> 609170.54 | E42: =+E30+E28+E26+E24+E22+E20+E18+E16+E14+E12+E10+E8+E32+E36 -> 72719.486 | F42: =+F30+F28+F26+F24+F22+F20+F18+F16+F14+F12+F10+F8+F32+F36 -> 93979.394 | G42: =+G30+G28+G26+G24+G22+G20+G18+G16+G14+G12+G10+G8+G32+G36 -> 124895.38 | H42: =+H30+H28+H26+H24+H22+H20+H18+H16+H14+H12+H10+H8+H32+H36 -> 117718.06 | I42: =+I30+I28+I26+I24+I22+I20+I18++I16+I14+I12+I10+I8+I32+I36 -> 106510.46 | J42: =+J30+J28+J26+J24+J22+J20+J18++J16+J14+J12+J10+J8+J32+J36+J34 -> 93347.76
I43: Observações:
B46: CLARA RAMALHO FERNADES
B47: ARQUITETA E URBANISTA
B48: CAU: 157721-2
B52: ALESSANDRO MOTA BARBOSA
B53: ='[1]Memória de Cálculo'!C38 -> Prefeito(a) Municipal

Sheet Plan1
B1: PREFEITURA MUNICIPAL DE MINAS NOVAS Rua Getúlio Vargas, 158 B – 2º Andar – Centro. CEP: 39.650-000 – Minas Novas (MG) Fone: (33) 3764-1147 – (33) 3764-2641 E-mail:pmmn@uai.com.br/conveniosminasnovas@yahoo.com.br
B6: BOLETIM DE MEDIÇÃO
B7: MINAS NOVAS - MINAS GERAIS
B8: PREFEITURA MUNICIPAL DE MINAS NOVAS | E8: Convênio nº. N/A | I8: MEDIÇÃO Nº: 05 | L8: Folha nº 1
B9: CONTRATADA: CAMARGOS MATERIAL DE CONSTRUÇÃO LTDA | G9: Data de emissão: 11/08/2025
B10: OBRA: Reforma e Ampliação Centro Educacional Proinfância Professora Neusa Sena Costa | G10: PERÍODO DE EXECUÇÃO: | I10: 45856 | J10: A | K10: 45880
B11: LOCAL: Rua Cleomar Machado nº 18 - Minas Novas - MG | G11: Valor CT/ TA: | I11: Saldo Anterior | L11: Esta medição: | M11: Saldo:
D12: Data O.S.: | E12: 45687 | G12: =J131 -> 474880 | I12: 311981.07 | L12: =+M132 -> 208002.46 | M12: =+I12-L12 -> 103978.61
B13: ITEM | C13: SERVIÇOS EXECUTADOS | D13: Quant. Prev. | E13: QUANTIDADES EXECUTADAS | H13: UNID | I13: VALOR UNIT. | J13: Financeiro Planilha | K13: VALORES EXECUTADOS R$ | M13: Executado(%)
E14: Anterior | F14: No período | G14: Acumulado | K14: No período | L14: Acumulado
D15: =+'[2]MM CALC'!#REF! -> #REF!
B16: ='Planilha Orcamentaria '!A10 -> 1 | C16: ='Planilha Orcamentaria '!D10 -> INSTALAÇÕES INICIAIS | D16: =+'[2]MM CALC'!#REF! -> #REF!
B17: ='Planilha Orcamentaria '!A11 -> 1.1 | C17: ='Planilha Orcamentaria '!D11 -> FORNECIMENTO E COLOCAÇÃO DE PLACA DE OBRA EM CHAPA GALVANIZADA #26, ESP. 0,45 MM, PLOTADA COM ADESIVO VINÍLICO, AFIXADA COM REBITES 4,8X40 MM, EM ESTRUTURA METÁLICA DE METALON 20X20 MM, ESP. 1,25 MM, INCLUSIVE SUPORTE EM EUCALIPTO AUTOCLAVADO PINTADO COM TINTA PVA DUAS (2) DEMÃOS | D17: 2.88 | E17: 2.88 | G17: =+F17+E17 -> 2.88 | H17: m² | I17: 265.44097 | J17: =+I17*D17 -> 764.47 | K17: =+F17*I17 -> 0 | L17: =+G17*I17 -> 764.47 | M17: =+(L17)/J17 -> 1
B18: ='Planilha Orcamentaria '!A12 -> 1.2 | C18: ='Planilha Orcamentaria '!D12 -> TAPUME FIXO DE PROTEÇÃO PARA FECHAMENTO DE OBRA EM TELHA METÁLICA GALVANIZADA, TIPO TRAPEZOIDAL, ESP. 0,5MM, COM MÓDULO NA DIMENSÃO DE (300X220)CM, COM REAPROVEITAMENTO, EXCLUSIVE PINTURA ESMALTE, INCLUSIVE PONTALETE E FIXAÇÃO | D18: 74.65 | E18: 74.65 | G18: =+F18+E18 -> 74.65 | H18: m | I18: 10.78004 | J18: =+I18*D18 -> 804.73 | K18: =+F18*I18 -> 0 | L18: =+G18*I18 -> 804.73 | M18: =+(L18)/J18 -> 1
B19: ='Planilha Orcamentaria '!A13 -> 1.3 | C19: ='Planilha Orcamentaria '!D13 -> LOCAÇÃO DE OBRA COM GABARITO DE TÁBUAS CORRIDAS PONTALETADAS A CADA 2,00M, REAPROVEITAMENTO (2X), INCLUSIVE ACOMPANHAMENTO DE EQUIPE TOPOGRÁFICA PARA MARCAÇÃO DE PONTO TOPOGRÁFICO | D19: 51.8 | E19: 51.8 | G19: =+F19+E19 -> 51.8 | H19: m | I19: 43.6 | J19: =+I19*D19 -> 2258.48 | K19: =+F19*I19 -> 0 | L19: =+G19*I19 -> 2258.48 | M19: =+(L19)/J19 -> 1
B20: ='Planilha Orcamentaria '!#REF! -> #REF! | C20: ='Planilha Orcamentaria '!#REF! -> #REF! | D20: =+'[2]MM CALC'!#REF! -> #REF!
B21: ='Planilha Orcamentaria '!#REF! -> #REF! | C21: ='Planilha Orcamentaria '!#REF! -> #REF! | D21: 35.55 | E21: 35.55 | G21: =+F21+E21 -> 35.55 | H21: ='Planilha Orcamentaria '!#REF! -> #REF! | I21: 17.360056 | J21: =+I21*D21 -> 617.15 | K21: =+F21*I21 -> 0 | L21: =+G21*I21 -> 617.15 | M21: =+(L21)/J21 -> 1
B22: ='Planilha Orcamentaria '!#REF! -> #REF! | C22: ='Planilha Orcamentaria '!#REF! -> #REF! | D22: 35.55 | E22: 35.55 | G22: =+F22+E22 -> 35.55 | H22: ='Planilha Orcamentaria '!#REF! -> #REF! | I22: 18.700141 | J22: =+I22*D22 -> 664.79 | K22: =+F22*I22 -> 0 | L22: =+G22*I22 -> 664.79 | M22: =+(L22)/J22 -> 1
B23: ='Planilha Orcamentaria '!#REF! -> #REF! | C23: ='Planilha Orcamentaria '!#REF! -> #REF! | D23: 13.5 | F23: 13.5 | G23: =+F23+E23 -> 13.5 | H23: ='Planilha Orcamentaria '!#REF! -> #REF! | I23: 6.9903704 | J23: =+I23*D23 -> 94.37 | K23: =+F23*I23 -> 94.37 | L23: =+G23*I23 -> 94.37 | M23: =+(L23)/J23 -> 1
B24: ='Planilha Orcamentaria '!#REF! -> #REF! | C24: ='Planilha Orcamentaria '!#REF! -> #REF! | D24: 1.68 | F24: 1.68 | G24: =+F24+E24 -> 1.68 | H24: ='Planilha Orcamentaria '!#REF! -> #REF! | I24: 12.85119 | J24: =+I24*D24 -> 21.59 | K24: =+F24*I24 -> 21.59 | L24: =+G24*I24 -> 21.59 | M24: =+(L24)/J24 -> 1
B25: ='Planilha Orcamentaria '!#REF! -> #REF! | C25: ='Planilha Orcamentaria '!#REF! -> #REF! | D25: 11.67 | E25: 1.41 | F25: 10.26 | G25: =+F25+E25 -> 11.67 | H25: ='Planilha Orcamentaria '!#REF! -> #REF! | I25: 264.42 | J25: =+I25*D25 -> 3085.7814 | K25: =+F25*I25 -> 2712.9492 | L25: =+G25*I25 -> 3085.7814 | M25: =+(L25)/J25 -> 1
B26: ='Planilha Orcamentaria '!#REF! -> #REF! | C26: ='Planilha Orcamentaria '!#REF! -> #REF! | D26: 133.31 | F26: 133.31 | G26: =+F26+E26 -> 133.31 | H26: ='Planilha Orcamentaria '!#REF! -> #REF! | I26: 13.71 | J26: =+I26*D26 -> 1827.6801 | K26: =+F26*I26 -> 1827.6801 | L26: =+G26*I26 -> 1827.6801 | M26: =+(L26)/J26 -> 1
B27: ='Planilha Orcamentaria '!#REF! -> #REF! | C27: ='Planilha Orcamentaria '!#REF! -> #REF! | D27: 10.5 | F27: 10.5 | G27: =+F27+E27 -> 10.5 | H27: ='Planilha Orcamentaria '!#REF! -> #REF! | I27: 16 | J27: =+I27*D27 -> 168 | K27: =+F27*I27 -> 168 | L27: =+G27*I27 -> 168 | M27: =+(L27)/J27 -> 1
B28: ='Planilha Orcamentaria '!A14 -> 2 | C28: ='Planilha Orcamentaria '!D14 -> FUNDAÇÃO
B29: ='Planilha Orcamentaria '!A15 -> 2.1 | C29: ='Planilha Orcamentaria '!D15 -> ESCAVAÇÃO MANUAL DE VALA COM PROFUNDIDADE MENOR OU IGUAL A 1,5M, INCLUSIVE DESCARGA LATERAL | D29: 38.73 | E29: 30.73 | F29: 8 | G29: =+F29+E29 -> 38.73 | H29: ='Planilha Orcamentaria '!E15 -> m³ | I29: 52.96 | J29: =+I29*D29 -> 2051.1408 | K29: =+F29*I29 -> 423.68 | L29: =+G29*I29 -> 2051.1408 | M29: =+(L29)/J29 -> 1
B30: ='Planilha Orcamentaria '!A16 -> 2.2 | C30: ='Planilha Orcamentaria '!D16 -> APILOAMENTO MANUAL EM FUNDO DE VALA COM SOQUETE, EXCLUSIVE ESCAVAÇÃO | D30: 53.33 | E30: 45.33 | F30: 8 | G30: =+F30+E30 -> 53.33 | H30: ='Planilha Orcamentaria '!E16 -> m² | I30: 17.85 | J30: =+I30*D30 -> 951.9405 | K30: =+F30*I30 -> 142.8 | L30: =+G30*I30 -> 951.9405 | M30: =+(L30)/J30 -> 1
B31: ='Planilha Orcamentaria '!A17 -> 2.3 | C31: ='Planilha Orcamentaria '!D17 -> LASTRO DE CONCRETO MAGRO, INCLUSIVE TRANSPORTE, LANÇAMENTO E ADENSAMENTO | D31: 2.66 | E31: 2.26 | F31: 0.4 | G31: =+F31+E31 -> 2.66 | H31: ='Planilha Orcamentaria '!E17 -> m³ | I31: 450.83 | J31: =+I31*D31 -> 1199.2078 | K31: =+F31*I31 -> 180.332 | L31: =+G31*I31 -> 1199.2078 | M31: =+(L31)/J31 -> 1
B32: ='Planilha Orcamentaria '!A18 -> 2.4 | C32: ='Planilha Orcamentaria '!D18 -> PERFURAÇÃO MANUAL DE ESTACA TIPO BROCA A TRADO, INCLUSIVE AFASTAMENTO, EXCLUSIVE ARMAÇÃO, CONCRETO ESTRUTURAL, TRANSPORTE E RETIRADA DO MATERIAL ESCAVADO | D32: 1.16 | E32: 0.84 | F32: 0.32 | G32: =+F32+E32 -> 1.16 | H32: ='Planilha Orcamentaria '!E18 -> m³ | I32: 128.75 | J32: =+I32*D32 -> 149.35 | K32: =+F32*I32 -> 41.2 | L32: =+G32*I32 -> 149.35 | M32: =+(L32)/J32 -> 1
B33: ='Planilha Orcamentaria '!A19 -> 2.5 | C33: ='Planilha Orcamentaria '!D19 -> FÔRMA E DESFORMA DE TÁBUA E SARRAFO, REAPROVEITAMENTO (5X), EXCLUSIVE ESCORAMENTO | D33: 101.66 | E33: 69.66 | F33: 32 | G33: =+F33+E33 -> 101.66 | H33: ='Planilha Orcamentaria '!E19 -> m² | I33: 37.61 | J33: =+I33*D33 -> 3823.4326 | K33: =+F33*I33 -> 1203.52 | L33: =+G33*I33 -> 3823.4326 | M33: =+(L33)/J33 -> 1
B34: ='Planilha Orcamentaria '!A20 -> 2.6 | C34: ='Planilha Orcamentaria '!D20 -> CORTE, DOBRA E MONTAGEM DE AÇO CA-50/60, INCLUSIVE ESPAÇADOR | D34: 2517.45 | E34: 1997.45 | F34: 520 | G34: =+F34+E34 -> 2517.45 | H34: ='Planilha Orcamentaria '!E20 -> kg | I34: 10.07 | J34: =+I34*D34 -> 25350.721 | K34: =+F34*I34 -> 5236.4 | L34: =+G34*I34 -> 25350.721 | M34: =+(L34)/J34 -> 1
B35: ='Planilha Orcamentaria '!A21 -> 2.7 | C35: ='Planilha Orcamentaria '!D21 -> FORNECIMENTO DE CONCRETO ESTRUTURAL, PREPARADO EM OBRA COM BETONEIRA, COM FCK 25MPA, INCLUSIVE LANÇAMENTO, ADENSAMENTO E ACABAMENTO (FUNDAÇÃO) | D35: 38.73 | E35: 30.73 | F35: 8 | G35: =+F35+E35 -> 38.73 | H35: ='Planilha Orcamentaria '!E21 -> m³ | I35: 608.97 | J35: =+I35*D35 -> 23585.408 | K35: =+F35*I35 -> 4871.76 | L35: =+G35*I35 -> 23585.408 | M35: =+(L35)/J35 -> 1
B36: ='Planilha Orcamentaria '!A22 -> 2.8 | C36: ='Planilha Orcamentaria '!D22 -> PINTURA COM EMULSÃO ASFÁLTICA, DUAS (2) DEMÃOS | D36: 159.99 | E36: 135.99 | F36: 24 | G36: =+F36+E36 -> 159.99 | H36: ='Planilha Orcamentaria '!E22 -> m² | I36: 20.41 | J36: =+I36*D36 -> 3265.3959 | K36: =+F36*I36 -> 489.84 | L36: =+G36*I36 -> 3265.3959 | M36: =+(L36)/J36 -> 1
B37: ='Planilha Orcamentaria '!A23 -> 2.9 | C37: ='Planilha Orcamentaria '!D23 -> COMPACTAÇÃO MANUAL DE ATERRO COM SOQUETE, INCLUSIVE ESPALHAMENTO MANUAL | D37: 52.49 | E37: 52.49 | G37: =+F37+E37 -> 52.49 | H37: ='Planilha Orcamentaria '!E23 -> m³ | I37: 52.96 | J37: =+I37*D37 -> 2779.8704 | K37: =+F37*I37 -> 0 | L37: =+G37*I37 -> 2779.8704 | M37: =+(L37)/J37 -> 1
B38: ='Planilha Orcamentaria '!A24 -> 3 | C38: ='Planilha Orcamentaria '!D24 -> ESTRUTURA
B39: ='Planilha Orcamentaria '!A25 -> 3.1 | C39: ='Planilha Orcamentaria '!D25 -> FÔRMA E DESFORMA DE TÁBUA E SARRAFO, REAPROVEITAMENTO (5X), EXCLUSIVE ESCORAMENTO | D39: 136.89 | E39: 136.89 | G39: =+F39+E39 -> 136.89 | H39: ='Planilha Orcamentaria '!E25 -> m² | I39: 37.609979 | J39: =+I39*D39 -> 5148.43 | K39: =+F39*I39 -> 0 | L39: =+G39*I39 -> 5148.43 | M39: =+(L39)/J39 -> 1
B40: ='Planilha Orcamentaria '!A26 -> 3.2 | C40: ='Planilha Orcamentaria '!D26 -> CORTE, DOBRA E MONTAGEM DE AÇO CA-50/60, INCLUSIVE ESPAÇADOR | D40: 530.4 | E40: 530.4 | G40: =+F40+E40 -> 530.4 | H40: ='Planilha Orcamentaria '!E26 -> kg | I40: 10.070004 | J40: =+I40*D40 -> 5341.13 | K40: =+F40*I40 -> 0 | L40: =+G40*I40 -> 5341.13 | M40: =+(L40)/J40 -> 1
B41: ='Planilha Orcamentaria '!A27 -> 3.3 | C41: ='Planilha Orcamentaria '!D27 -> FORNECIMENTO DE CONCRETO ESTRUTURAL, PREPARADO EM OBRA, COM FCK 25MPA, INCLUSIVE LANÇAMENTO, ADENSAMENTO E ACABAMENTO | D41: 8.84 | E41: 8.84 | G41: =+F41+E41 -> 8.84 | H41: ='Planilha Orcamentaria '!E27 -> m³ | I41: 634.0905 | J41: =+I41*D41 -> 5605.36 | K41: =+F41*I41 -> 0 | L41: =+G41*I41 -> 5605.36 | M41: =+(L41)/J41 -> 1
B42: ='Planilha Orcamentaria '!A29 -> 3.5 | C42: ='Planilha Orcamentaria '!D29 -> LAJE PRÉ-MOLDADA UNIDIRECIONAL COM ENCHIMENTO EM POLIESTIRENO EXPANDIDO (EPS), CAPEAMENTO DE 4CM, SOBRECARGA DE 100KG/M2, ALTURA TOTAL DE 11CM E VÃO LIVRE MÁXIMO DE 4M, INCLUSIVE CONCRETO ESTRUTURAL, USINADO BOMBEADO COM FCK DE 20MPA, EXCLUSIVE TELA ARMADA E CIMBRAMENTO | D42: 16.95 | E42: 16.95 | G42: =+F42+E42 -> 16.95 | H42: ='Planilha Orcamentaria '!E29 -> m² | I42: 27.100295 | J42: =+I42*D42 -> 459.35 | K42: =+F42*I42 -> 0 | L42: =+G42*I42 -> 459.35 | M42: =+(L42)/J42 -> 1
B43: ='Planilha Orcamentaria '!A35 -> 4 | C43: ='Planilha Orcamentaria '!D35 -> ALVENARIA
B44: ='Planilha Orcamentaria '!A36 -> 4.1 | C44: ='Planilha Orcamentaria '!D36 -> ALVENARIA DE VEDAÇÃO COM TIJOLO CERÂMICO FURADO, ESP. 14CM, PARA REVESTIMENTO, INCLUSIVE ARGAMASSA PARA ASSENTAMENTO | D44: 229.56 | E44: 227.4 | F44: 2.16 | G44: =+F44+E44 -> 229.56 | H44: ='Planilha Orcamentaria '!E36 -> m² | I44: 54.94 | J44: =+I44*D44 -> 12612.026 | K44: =+F44*I44 -> 118.6704 | L44: =+G44*I44 -> 12612.026 | M44: =+(L44)/J44 -> 1
B45: ='Planilha Orcamentaria '!A38 -> 4.3 | C45: ='Planilha Orcamentaria '!D38 -> VERGA OU CONTRAVERGA EM CONCRETO ESTRUTURAL PARA VÃOS DE ATÉ 150CM, PREPARADO EM OBRA COM BETONEIRA, CONTROLE "A", COM FCK 20 MPA, MOLDADA IN LOCO, INCLUSIVE ARMAÇÃO | D45: 0.19 | E45: 0.16 | F45: 0.03 | G45: =+F45+E45 -> 0.19 | H45: ='Planilha Orcamentaria '!E38 -> m³ | I45: 2306.91 | J45: =+I45*D45 -> 438.3129 | K45: =+F45*I45 -> 69.2073 | L45: =+G45*I45 -> 438.3129 | M45: =+(L45)/J45 -> 1
B46: ='Planilha Orcamentaria '!A39 -> 5 | C46: ='Planilha Orcamentaria '!D39 -> COBERTURA
B47: ='Planilha Orcamentaria '!A40 -> 5.1 | C47: ='Planilha Orcamentaria '!D40 -> ENGRADAMENTO PARA TELHAS CERÂMICA OU CONCRETO EM MADEIRA PARAJU | D47: 498.21 | E47: 168.08 | F47: 330.13 | G47: =+F47+E47 -> 498.21 | H47: ='Planilha Orcamentaria '!E40 -> m² | I47: 123.91 | J47: =+I47*D47 -> 61733.201 | K47: =+F47*I47 -> 40906.408 | L47: =+G47*I47 -> 61733.201 | M47: =+(L47)/J47 -> 1
B48: ='Planilha Orcamentaria '!A41 -> 5.2 | C48: ='Planilha Orcamentaria '!D41 -> COBERTURA EM TELHA CERÂMICA, TIPO PLAN, INCLUSIVE FIXAÇÃO, EXCLUSIVE ENGRADAMENTO E MANTA ISOLANTE/ TÉRMICA | D48: 498.21 | E48: 168.08 | F48: 330.13 | G48: =+F48+E48 -> 498.21 | H48: ='Planilha Orcamentaria '!E41 -> m² | I48: 87.97 | J48: =+I48*D48 -> 43827.534 | K48: =+F48*I48 -> 29041.536 | L48: =+G48*I48 -> 43827.534 | M48: =+(L48)/J48 -> 1
B49: ='Planilha Orcamentaria '!A42 -> 5.3 | C49: ='Planilha Orcamentaria '!D42 -> CONDUTOR CIRCULAR DE ÁGUA PLUVIAL PARA DO TELHADO EM TUBO DE PVC, DIÂMETRO DE 75MM, INCLUSIVE CONEXÕES E SUPORTES | D49: 38.4 | F49: 38.4 | G49: =+F49+E49 -> 38.4 | H49: ='Planilha Orcamentaria '!E42 -> m | I49: 72.36 | J49: =+I49*D49 -> 2778.624 | K49: =+F49*I49 -> 2778.624 | L49: =+G49*I49 -> 2778.624 | M49: =+(L49)/J49 -> 1
B50: ='Planilha Orcamentaria '!#REF! -> #REF! | C50: ='Planilha Orcamentaria '!#REF! -> #REF! | D50: 21.9 | E50: 21.9 | G50: =+F50+E50 -> 21.9 | H50: ='Planilha Orcamentaria '!#REF! -> #REF! | I50: 16.45 | J50: =+I50*D50 -> 360.255 | K50: =+F50*I50 -> 0 | L50: =+G50*I50 -> 360.255 | M50: =+(L50)/J50 -> 1
B51: ='Planilha Orcamentaria '!#REF! -> #REF! | C51: ='Planilha Orcamentaria '!#REF! -> #REF! | D51: 21.9 | F51: 21.9 | G51: =+F51+E51 -> 21.9 | H51: ='Planilha Orcamentaria '!#REF! -> #REF! | I51: 29.05 | J51: =+I51*D51 -> 636.195 | K51: =+F51*I51 -> 636.195 | L51: =+G51*I51 -> 636.195 | M51: =+(L51)/J51 -> 1
B52: ='Planilha Orcamentaria '!#REF! -> #REF! | C52: ='Planilha Orcamentaria '!#REF! -> #REF! | D52: 93.4 | F52: 93.4 | G52: =+F52+E52 -> 93.4 | H52: ='Planilha Orcamentaria '!#REF! -> #REF! | I52: 138.8 | J52: =+I52*D52 -> 12963.92 | K52: =+F52*I52 -> 12963.92 | L52: =+G52*I52 -> 12963.92 | M52: =+(L52)/J52 -> 1
B53: ='Planilha Orcamentaria '!#REF! -> #REF! | C53: ='Memória de Cálculo'!C47 -> CALHA EM CHAPA GALVANIZADA, ESP. 0,5MM (GSG-26), COM DESENVOLVIMENTO DE 50CM, INCLUSIVE IÇAMENTO MANUAL VERTICAL | D53: 184 | F53: 184 | G53: =+F53+E53 -> 184 | H53: ='Memória de Cálculo'!D47 -> m | I53: 60.69 | J53: =+I53*D53 -> 11166.96 | K53: =+F53*I53 -> 11166.96 | L53: =+G53*I53 -> 11166.96 | M53: =+(L53)/J53 -> 1
B54: ='Planilha Orcamentaria '!A43 -> 5.4 | C54: ='Planilha Orcamentaria '!D43 -> CALHA EM CHAPA GALVANIZADA, ESP. 0,5MM (GSG-26), COM DESENVOLVIMENTO DE 50CM, INCLUSIVE IÇAMENTO MANUAL VERTICAL | D54: 168.08 | E54: 168.08 | G54: =+F54+E54 -> 168.08 | H54: ='Planilha Orcamentaria '!E43 -> m | I54: 117.64 | J54: =+I54*D54 -> 19772.931 | K54: =+F54*I54 -> 0 | L54: =+G54*I54 -> 19772.931 | M54: =+(L54)/J54 -> 1
B55: ='Planilha Orcamentaria '!#REF! -> #REF! | C55: ='Planilha Orcamentaria '!#REF! -> #REF! | D55: 1733.03 | F55: 1733.03 | G55: =+F55+E55 -> 1733.03 | H55: ='Planilha Orcamentaria '!#REF! -> #REF! | I55: 20.59 | J55: =+I55*D55 -> 35683.088 | K55: =+F55*I55 -> 35683.088 | L55: =+G55*I55 -> 35683.088 | M55: =+(L55)/J55 -> 1
B56: ='Planilha Orcamentaria '!#REF! -> #REF! | C56: ='Planilha Orcamentaria '!#REF! -> #REF! | D56: 459.58 | F56: 459.58 | G56: =+F56+E56 -> 459.58 | H56: ='Planilha Orcamentaria '!#REF! -> #REF! | I56: 22.56 | J56: =+I56*D56 -> 10368.125 | K56: =+F56*I56 -> 10368.125 | L56: =+G56*I56 -> 10368.125 | M56: =+(L56)/J56 -> 1
B57: ='Planilha Orcamentaria '!#REF! -> #REF! | C57: ='Planilha Orcamentaria '!#REF! -> #REF! | D57: 77 | F57: 77 | G57: =+F57+E57 -> 77 | H57: ='Planilha Orcamentaria '!#REF! -> #REF! | I57: 109.33 | J57: =+I57*D57 -> 8418.41 | K57: =+F57*I57 -> 8418.41 | L57: =+G57*I57 -> 8418.41 | M57: =+(L57)/J57 -> 1
B58: ='Planilha Orcamentaria '!A44 -> 6 | C58: ='Planilha Orcamentaria '!D44 -> ACABAMENTO
B59: ='Planilha Orcamentaria '!A45 -> 6.1 | C59: ='Planilha Orcamentaria '!D45 -> CHAPISCO COM ARGAMASSA, TRAÇO 1:3 (CIMENTO E AREIA), ESP. 5MM, APLICADO EM ALVENARIA/ESTRUTURA DE CONCRETO COM COLHER, PREPARO MECÂNICO | D59: 468.57 | E59: 458.52 | F59: 10.05 | G59: =+F59+E59 -> 468.57 | H59: ='Planilha Orcamentaria '!E45 -> m² | I59: 7.4500075 | J59: =+I59*D59 -> 3490.85 | K59: =+F59*I59 -> 74.872575 | L59: =+G59*I59 -> 3490.85 | M59: =+(L59)/J59 -> 1
B60: ='Planilha Orcamentaria '!A46 -> 6.2 | C60: ='Planilha Orcamentaria '!D46 -> EMBOÇO COM ARGAMASSA, TRAÇO 1:6 (CIMENTO E AREIA), ESP.20MM, APLICAÇÃO MANUAL, PREPARO MECÂNICO | D60: 189.74 | E60: 179.69 | F60: 10.05 | G60: =+F60+E60 -> 189.74 | H60: ='Planilha Orcamentaria '!E46 -> m² | I60: 26.569991 | J60: =+I60*D60 -> 5041.39 | K60: =+F60*I60 -> 267.0284 | L60: =+G60*I60 -> 5041.39 | M60: =+(L60)/J60 -> 1
B61: ='Planilha Orcamentaria '!A47 -> 6.3 | C61: ='Planilha Orcamentaria '!D47 -> REBOCO COM ARGAMASSA, TRAÇO 1:7 (CIMENTO E AREIA), ESP.20MM, APLICAÇÃO MANUAL, PREPARO MECÂNICO | D61: 278.83 | E61: 278.83 | G61: =+F61+E61 -> 278.83 | H61: ='Planilha Orcamentaria '!E47 -> m² | I61: 24.910017 | J61: =+I61*D61 -> 6945.66 | K61: =+F61*I61 -> 0 | L61: =+G61*I61 -> 6945.66 | M61: =+(L61)/J61 -> 1
B62: ='Planilha Orcamentaria '!#REF! -> #REF! | C62: ='Planilha Orcamentaria '!#REF! -> #REF! | D62: 39.64 | E62: 39.64 | G62: =+F62+E62 -> 39.64 | H62: ='Planilha Orcamentaria '!#REF! -> #REF! | I62: 78.17003 | J62: =+I62*D62 -> 3098.66 | K62: =+F62*I62 -> 0 | L62: =+G62*I62 -> 3098.66 | M62: =+(L62)/J62 -> 1
B63: ='Planilha Orcamentaria '!A48 -> 6.4 | C63: ='Planilha Orcamentaria '!D48 -> REVESTIMENTO COM CERÂMICA APLICADO EM PAREDE, ACABAMENTO ESMALTADO, AMBIENTE INTERNO/EXTERNO, PADRÃO EXTRA, DIMENSÃO DA PEÇA ATÉ 2025 CM2, PEI III, ASSENTAMENTO COM ARGAMASSA INDUSTRIALIZADA, INCLUSIVE REJUNTAMENTO | D63: 150.1 | E63: 140.05 | F63: 10.05 | G63: =+F63+E63 -> 150.1 | H63: ='Planilha Orcamentaria '!E48 -> m² | I63: 61.45 | J63: =+I63*D63 -> 9223.645 | K63: =+F63*I63 -> 617.5725 | L63: =+G63*I63 -> 9223.645 | M63: =+(L63)/J63 -> 1
B64: ='Planilha Orcamentaria '!A49 -> 7 | C64: ='Planilha Orcamentaria '!D49 -> ESQUADRIAS/FERRAGENS
B65: ='Planilha Orcamentaria '!A50 -> 7.1 | C65: ='Planilha Orcamentaria '!D50 -> MARCO DE MADEIRA, DIMENSÃO (80X210)CM, LARGURA DE 14CM, ACABAMENTO NATURAL PARA PINTURA/VERNIZ, INCLUSIVE ASSENTAMENTO, EXCLUSIVE FOLHA DE PORTA, FERRAGENS E PINTURA/VERNIZ | D65: 2 | E65: 1 | F65: 1 | G65: =+F65+E65 -> 2 | H65: ='Planilha Orcamentaria '!E50 -> u | I65: 774.28 | J65: =+I65*D65 -> 1548.56 | K65: =+F65*I65 -> 774.28 | L65: =+G65*I65 -> 1548.56 | M65: =+(L65)/J65 -> 1
B66: ='Planilha Orcamentaria '!A53 -> 7.4 | C66: ='Planilha Orcamentaria '!D53 -> PORTA DE MADEIRA, TIPO MEXICANA, MACIÇA (PESADA OU SUPERPESADA), 80X210CM, ESPESSURA DE 3,5CM, INCLUSO DOBRADIÇAS - FORNECIMENTO E INSTALAÇÃO. AF_10/2025 | D66: 4 | E66: 4 | G66: =+F66+E66 -> 4 | H66: ='Planilha Orcamentaria '!E53 -> u | I66: 799.95 | J66: =+I66*D66 -> 3199.8 | K66: =+F66*I66 -> 0 | L66: =+G66*I66 -> 3199.8 | M66: =+(L66)/J66 -> 1
B67: ='Planilha Orcamentaria '!A54 -> 7.5 | C67: ='Planilha Orcamentaria '!D54 -> JANELA DE MADEIRA CEDRINHO/ ANGELIM COMERCIAL/ CURUPIXA/ CUMARU OU EQUIVALENTE, CAIXA DO BATENTE/ MARCO 10 CM, COM DUAS FOLHAS DE ABRIR TIPO VENEZIANAS E 2 FOLHAS GUILHOTINAS PARA VIDRO (VIDROS NÃO INCLUSOS), COM GUARNIÇÃO/ ALIZAR E FERRAGENS, FIXAÇÃO COM PARAFUSOS E ESPUMA EXPANSIVA, EXCLUSIVE CONTRAMARCO - FORNECIMENTO E INSTALAÇÃO. AF_11/2024 | D67: 11.52 | E67: 11.52 | G67: =+F67+E67 -> 11.52 | H67: ='Planilha Orcamentaria '!E54 -> m² | I67: 475.9401 | J67: =+I67*D67 -> 5482.83 | K67: =+F67*I67 -> 0 | L67: =+G67*I67 -> 5482.83 | M67: =+(L67)/J67 -> 1
B68: ='Planilha Orcamentaria '!#REF! -> #REF! | C68: ='Planilha Orcamentaria '!#REF! -> #REF! | D68: 6.48 | E68: 6.48 | G68: =+F68+E68 -> 6.48 | H68: ='Planilha Orcamentaria '!#REF! -> #REF! | I68: 408.24074 | J68: =+I68*D68 -> 2645.4 | K68: =+F68*I68 -> 0 | L68: =+G68*I68 -> 2645.4 | M68: =+(L68)/J68 -> 1
B69: ='Planilha Orcamentaria '!A56 -> 7.7 | C69: ='Planilha Orcamentaria '!D56 -> GUARDA-CORPO EXTERNO, ALTURA 130CM, EM TUBO GALVANIZADO, COM COSTURA, DIÂMETRO 2", ESP. 3MM, GRADIL COM DIVISÃO HORIZONTAL EM TUBO GALVANIZADO, COM COSTURA, DIÂMETRO 1", ESP. 3MM, INCLUSIVE CORRIMÃO DUPLO , EXCLUSIVE PINTURA | D69: 46.15 | E69: 46.15 | G69: =+F69+E69 -> 46.15 | H69: ='Planilha Orcamentaria '!E56 -> m | I69: 60.13 | J69: =+I69*D69 -> 2774.9995 | K69: =+F69*I69 -> 0 | L69: =+G69*I69 -> 2774.9995 | M69: =+(L69)/J69 -> 1
B70: ='Planilha Orcamentaria '!A58 -> 8 | C70: ='Planilha Orcamentaria '!D58 -> INSTALAÇÕES HIDRÁULICAS
B71: ='Planilha Orcamentaria '!A59 -> 8.1 | C71: ='Planilha Orcamentaria '!D59 -> PONTO DE EMBUTIR PARA ESGOTO EM TUBO PVC RÍGIDO, PB - SÉRIE NORMAL, DN 40MM (1.1/2"), EMBUTIDO NA ALVENARIA/PISO, COM ALTURA (SAÍDA) DE 50CM DO PISO, COM DISTÂNCIA DE ATÉ CINCO (5) METROS DA RAMAL DE ESGOTO, EXCLUSIVE ESCAVAÇÃO, INCLUSIVE CONEXÕES E FIXAÇÃO DO TUBO COM ENCHIMENTO DO RASGO NA ALVENARIA/CONCRETO COM ARGAMASSA | D71: 8 | E71: 7 | F71: 1 | G71: =+F71+E71 -> 8 | H71: ='Planilha Orcamentaria '!E59 -> u | I71: 125.1 | J71: =+I71*D71 -> 1000.8 | K71: =+F71*I71 -> 125.1 | L71: =+G71*I71 -> 1000.8 | M71: =+(L71)/J71 -> 1
B72: ='Planilha Orcamentaria '!A60 -> 8.2 | C72: ='Planilha Orcamentaria '!D60 -> PONTO DE EMBUTIR PARA ESGOTO EM TUBO PVC RÍGIDO, PBV - SÉRIE NORMAL, DN 100MM (4"), EMBUTIDO EM PISO COM DISTÂNCIA DE ATÉ CINCO (5) METROS DA RAMAL DE ESGOTO, INCLUSIVE CONEXÕES E FIXAÇÃO DO TUBO COM ENCHIMENTO DO RASGO NO CONCRETO COM ARGAMASSA | D72: 7 | E72: 7 | G72: =+F72+E72 -> 7 | H72: ='Planilha Orcamentaria '!E60 -> u | I72: 248.14 | J72: =+I72*D72 -> 1736.98 | K72: =+F72*I72 -> 0 | L72: =+G72*I72 -> 1736.98 | M72: =+(L72)/J72 -> 1
B73: ='Planilha Orcamentaria '!A61 -> 8.3 | C73: ='Planilha Orcamentaria '!D61 -> PONTO DE EMBUTIR PARA ÁGUA FRIA EM TUBO DE PVC RÍGIDO SOLDÁVEL, DN 20MM (1/2"), EMBUTIDO NA ALVENARIA COM DISTÂNCIA DE ATÉ CINCO (5) METROS DA TOMADA DE ÁGUA, INCLUSIVE CONEXÕES E FIXAÇÃO DO TUBO COM ENCHIMENTO DO RASGO NA ALVENARIA/CONCRETO COM ARGAMASSA | D73: 13 | E73: 13 | G73: =+F73+E73 -> 13 | H73: ='Planilha Orcamentaria '!E61 -> u | I73: 108.61 | J73: =+I73*D73 -> 1411.93 | K73: =+F73*I73 -> 0 | L73: =+G73*I73 -> 1411.93 | M73: =+(L73)/J73 -> 1
B74: ='Planilha Orcamentaria '!A62 -> 8.4 | C74: ='Planilha Orcamentaria '!D62 -> CAIXA DE PASSAGEM EM ALVENARIA E TAMPA DE CONCRETO, FUNDO DE BRITA, TIPO 1, 40 X 40 X 60 CM, INCLUSIVE ESCAVAÇÃO, REATERRO E BOTA-FORA | D74: 2 | E74: 2 | G74: =+F74+E74 -> 2 | H74: ='Planilha Orcamentaria '!E62 -> u | I74: 244.03 | J74: =+I74*D74 -> 488.06 | K74: =+F74*I74 -> 0 | L74: =+G74*I74 -> 488.06 | M74: =+(L74)/J74 -> 1
B75: ='Planilha Orcamentaria '!A63 -> 8.5 | C75: ='Planilha Orcamentaria '!D63 -> CAIXA SIFONADA EM PVC COM TAMPA CEGA 250 X 230 X 75 MM | D75: 5 | E75: 5 | G75: =+F75+E75 -> 5 | H75: ='Planilha Orcamentaria '!E63 -> u | I75: 87.63 | J75: =+I75*D75 -> 438.15 | K75: =+F75*I75 -> 0 | L75: =+G75*I75 -> 438.15 | M75: =+(L75)/J75 -> 1
B76: ='Planilha Orcamentaria '!A64 -> 8.6 | C76: ='Planilha Orcamentaria '!D64 -> RALO SIFONADO PVC CÔNICO ALTURA REGULÁVEL 100 X 40 MM COM GRELHA METÁLICA | D76: 5 | E76: 5 | G76: =+F76+E76 -> 5 | H76: ='Planilha Orcamentaria '!E64 -> u | I76: 47.37 | J76: =+I76*D76 -> 236.85 | K76: =+F76*I76 -> 0 | L76: =+G76*I76 -> 236.85 | M76: =+(L76)/J76 -> 1
B77: ='Planilha Orcamentaria '!A65 -> 8.7 | C77: ='Planilha Orcamentaria '!D65 -> FORNECIMENTO E ASSENTAMENTO DE TUBO PVC RÍGIDO SOLDÁVEL, ÁGUA FRIA, DN 25 MM (3/4") , INCLUSIVE CONEXÕES | D77: 40 | E77: 40 | G77: =+F77+E77 -> 40 | H77: ='Planilha Orcamentaria '!E65 -> m | I77: 19.63 | J77: =+I77*D77 -> 785.2 | K77: =+F77*I77 -> 0 | L77: =+G77*I77 -> 785.2 | M77: =+(L77)/J77 -> 1
B78: ='Planilha Orcamentaria '!A66 -> 8.8 | C78: ='Planilha Orcamentaria '!D66 -> FORNECIMENTO E ASSENTAMENTO DE TUBO PVC RÍGIDO SOLDÁVEL, ÁGUA FRIA, DN 50 MM (1.1/2"), INCLUSIVE CONEXÕES | D78: 20 | E78: 20 | G78: =+F78+E78 -> 20 | H78: ='Planilha Orcamentaria '!E66 -> m | I78: 37.48 | J78: =+I78*D78 -> 749.6 | K78: =+F78*I78 -> 0 | L78: =+G78*I78 -> 749.6 | M78: =+(L78)/J78 -> 1
B79: ='Planilha Orcamentaria '!#REF! -> #REF! | C79: ='Planilha Orcamentaria '!#REF! -> #REF! | D79: 4 | E79: 4 | G79: =+F79+E79 -> 4 | H79: ='Planilha Orcamentaria '!#REF! -> #REF! | I79: 160.17 | J79: =+I79*D79 -> 640.68 | K79: =+F79*I79 -> 0 | L79: =+G79*I79 -> 640.68 | M79: =+(L79)/J79 -> 1
B80: ='Planilha Orcamentaria '!A67 -> 8.9 | C80: ='Planilha Orcamentaria '!D67 -> REGISTRO DE PRESSÃO, TIPO BASE, ROSCÁVEL 1/2" (PARA TUBO SOLDÁVEL OU PPR DN 20MM/CPVC DN 15MM), INCLUSIVE ACABAMENTO (PADRÃO MÉDIO) E CANOPLA CROMADOS | D80: 1 | E80: 1 | G80: =+F80+E80 -> 1 | H80: ='Planilha Orcamentaria '!E67 -> u | I80: 83.85 | J80: =+I80*D80 -> 83.85 | K80: =+F80*I80 -> 0 | L80: =+G80*I80 -> 83.85 | M80: =+(L80)/J80 -> 1
B81: ='Planilha Orcamentaria '!#REF! -> #REF! | C81: ='Planilha Orcamentaria '!#REF! -> #REF! | D81: 1 | F81: 1 | G81: =+F81+E81 -> 1 | H81: ='Planilha Orcamentaria '!#REF! -> #REF! | I81: 1068.78 | J81: =+I81*D81 -> 1068.78 | K81: =+F81*I81 -> 1068.78 | L81: =+G81*I81 -> 1068.78 | M81: =+(L81)/J81 -> 1
B82: ='Planilha Orcamentaria '!A68 -> 8.10 | C82: ='Planilha Orcamentaria '!D68 -> CAIXA D´ÁGUA DE POLIETILENO, CAPACIDADE DE 1.000L, INCLUSIVE TAMPA, TORNEIRA DE BOIA, EXTRAVASOR, TUBO DE LIMPEZA E ACESSÓRIOS, EXCLUSIVE TUBULAÇÃO DE ENTRADA/ SAÍDA DE ÁGUA | D82: 2 | E82: 2 | G82: =+F82+E82 -> 2 | H82: ='Planilha Orcamentaria '!E68 -> u | I82: 752.95 | J82: =+I82*D82 -> 1505.9 | K82: =+F82*I82 -> 0 | L82: =+G82*I82 -> 1505.9 | M82: =+(L82)/J82 -> 1
B83: ='Planilha Orcamentaria '!A69 -> 8.11 | C83: ='Planilha Orcamentaria '!D69 -> CANALETA PARA DRENAGEM, EM CONCRETO COM FCK 15MPA, MOLDADA IN LOCO, SEÇÃO 30X20CM, FORMA EM MADEIRA, COM TAMPA EM CONCRETO PARA TRÂNSITO DE PEDESTRE, INCLUSIVE ESCAVAÇÃO, REATERRO COM TRANSPORTE E RETIRADA DO MATERIAL ESCAVADO (EM CAÇAMBA) | D83: 16.8 | E83: 16.8 | G83: =+F83+E83 -> 16.8 | H83: ='Planilha Orcamentaria '!E69 -> m | I83: 188.14 | J83: =+I83*D83 -> 3160.752 | K83: =+F83*I83 -> 0 | L83: =+G83*I83 -> 3160.752 | M83: =+(L83)/J83 -> 1
B84: ='Planilha Orcamentaria '!A70 -> 9 | C84: ='Planilha Orcamentaria '!D70 -> INSTALAÇÕES ELÉTRICAS
B85: ='Planilha Orcamentaria '!A71 -> 9.1 | C85: ='Planilha Orcamentaria '!D71 -> QUADRO DE DISTRIBUIÇÃO DE EMBUTIR EM PVC, PARA 16 DISJUNTORES DIN, INCLUSIVE BARRAMENTOS NEUTRO/TERRA, EXCLUSIVE BARRAMENTO DE FASE | D85: 1 | E85: 1 | G85: =+F85+E85 -> 1 | H85: ='Planilha Orcamentaria '!E71 -> u | I85: 170.34 | J85: =+I85*D85 -> 170.34 | K85: =+F85*I85 -> 0 | L85: =+G85*I85 -> 170.34 | M85: =+(L85)/J85 -> 1
B86: ='Planilha Orcamentaria '!A72 -> 9.2 | C86: ='Planilha Orcamentaria '!D72 -> DISJUNTOR BIPOLAR TIPO DIN, CORRENTE NOMINAL DE 10A, FORNECIMENTO E INSTALAÇÃO, INCLUSIVE TERMINAL ILHÓS | D86: 5 | E86: 5 | G86: =+F86+E86 -> 5 | H86: ='Planilha Orcamentaria '!E72 -> u | I86: 44.61 | J86: =+I86*D86 -> 223.05 | K86: =+F86*I86 -> 0 | L86: =+G86*I86 -> 223.05 | M86: =+(L86)/J86 -> 1
B87: ='Planilha Orcamentaria '!A73 -> 9.3 | C87: ='Planilha Orcamentaria '!D73 -> DISJUNTOR BIPOLAR TIPO DIN, CORRENTE NOMINAL DE 25A, FORNECIMENTO E INSTALAÇÃO, INCLUSIVE TERMINAL ILHÓS | D87: 3 | E87: 3 | G87: =+F87+E87 -> 3 | H87: ='Planilha Orcamentaria '!E73 -> u | I87: 44.61 | J87: =+I87*D87 -> 133.83 | K87: =+F87*I87 -> 0 | L87: =+G87*I87 -> 133.83 | M87: =+(L87)/J87 -> 1
B88: ='Planilha Orcamentaria '!A74 -> 9.4 | C88: ='Planilha Orcamentaria '!D74 -> DISJUNTOR DE PROTEÇÃO DIFERENCIAL RESIDUAL (DR), BIPOLAR TIPO DIN, CORRENTE NOMINAL DE 63A, SENSIBILIDADE DE 30MA, FORNECIMENTO E INSTALAÇÃO, INCLUSIVE TERMINAL ILHÓS | D88: 1 | E88: 1 | G88: =+F88+E88 -> 1 | H88: ='Planilha Orcamentaria '!E74 -> u | I88: 132.41 | J88: =+I88*D88 -> 132.41 | K88: =+F88*I88 -> 0 | L88: =+G88*I88 -> 132.41 | M88: =+(L88)/J88 -> 1
B89: ='Planilha Orcamentaria '!A75 -> 9.5 | C89: ='Planilha Orcamentaria '!D75 -> PONTO DE EMBUTIR PARA UM (1) INTERRUPTOR SIMPLES (10A250V), COM PLACA 4"X2" DE UM (1) POSTO, COM ELETRODUTO FLEXÍVEL CORRUGADO, ANTI-CHAMA, DN 25MM (3/4"), EMBUTIDO NA ALVENARIA E CABO DE COBRE FLEXÍVEL, CLASSE 5, ISOLAMENTO TIPO LSHF/ATOX, NÃO HALOGENADO, SEÇÃO 1, 5MM2 (70°C-450/750V), COM DISTÂNCIA DE ATÉ DEZ (10) METROS DO PONTO DE DERIVAÇÃO, INCLUSIVE CAIXA DE LIGAÇÃO, SUPORTE E FIXAÇÃO DO ELETRODUTO COM ENCHIMENTO DO RASGO NA ALVENARIA/CONCRETO COM ARGAMASSA | D89: 13 | E89: 12 | F89: 1 | G89: =+F89+E89 -> 13 | H89: ='Planilha Orcamentaria '!E75 -> u | I89: 195.24 | J89: =+I89*D89 -> 2538.12 | K89: =+F89*I89 -> 195.24 | L89: =+G89*I89 -> 2538.12 | M89: =+(L89)/J89 -> 1
B90: ='Planilha Orcamentaria '!A76 -> 9.6 | C90: ='Planilha Orcamentaria '!D76 -> PONTO DE EMBUTIR PARA UMA (1) LUMINÁRIA,COM ELETRODUTO DE PVC RÍGIDO ROSCÁVEL, DN 20MM (3/4"), EMBUTIDO NA LAJE E CABO DE COBRE FLEXÍVEL, CLASSE 5, ISOLAMENTO TIPO LSHF/ ATOX, NÃO HALOGENADO, SEÇÃO 1,5MM2 (70°C-450/750V), COM DISTÂNCIA DE ATÉ CINCO (5) METROS DO PONTO DE DERIVAÇÃO, EXCLUSIVE LUMINÁRIA, INCLUSIVE CAIXA DE LIGAÇÃO OCTOGONAL, SUPORTE E FIXAÇÃO DO ELETRODUTO | D90: 27 | E90: 27 | G90: =+F90+E90 -> 27 | H90: ='Planilha Orcamentaria '!E76 -> u | I90: 122.21 | J90: =+I90*D90 -> 3299.67 | K90: =+F90*I90 -> 0 | L90: =+G90*I90 -> 3299.67 | M90: =+(L90)/J90 -> 1
B91: ='Planilha Orcamentaria '!A77 -> 9.7 | C91: ='Planilha Orcamentaria '!D77 -> PONTO DE EMBUTIR PARA UMA (1) TOMADA PADRÃO, TRÊS (3) POLOS (2P+T/10A-250V), COM PLACA 4"X2" DE UM (1) POSTO, COM ELETRODUTO FLEXÍVEL CORRUGADO, ANTI-CHAMA, DN 25MM (3/ 4"), EMBUTIDO NA ALVENARIA E CABO DE COBRE FLEXÍVEL, CLASSE 5, ISOLAMENTO TIPO LSHF/ATOX, NÃO HALOGENADO, SEÇÃO 2,5MM2 (70°C-450/750V), COM DISTÂNCIA DE ATÉ DEZ (10) METROS DO PONTO DE DERIVAÇÃO, INCLUSIVE CAIXA DE LIGAÇÃO, SUPORTE E FIXAÇÃO DO ELETRODUTO COM ENCHIMENTO DO RASGO NA ALVENARIA/CONCRETO COM ARGAMASSA | D91: 15 | E91: 15 | G91: =+F91+E91 -> 15 | H91: ='Planilha Orcamentaria '!E77 -> u | I91: 236.53 | J91: =+I91*D91 -> 3547.95 | K91: =+F91*I91 -> 0 | L91: =+G91*I91 -> 3547.95 | M91: =+(L91)/J91 -> 1
B92: ='Planilha Orcamentaria '!#REF! -> #REF! | C92: ='Planilha Orcamentaria '!#REF! -> #REF! | D92: 2 | F92: 2 | G92: =+F92+E92 -> 2 | H92: ='Planilha Orcamentaria '!#REF! -> #REF! | I92: 354.78 | J92: =+I92*D92 -> 709.56 | K92: =+F92*I92 -> 709.56 | L92: =+G92*I92 -> 709.56 | M92: =+(L92)/J92 -> 1
B93: ='Planilha Orcamentaria '!#REF! -> #REF! | C93: ='Planilha Orcamentaria '!#REF! -> #REF! | D93: 1 | F93: 1 | G93: =+F93+E93 -> 1 | H93: ='Planilha Orcamentaria '!#REF! -> #REF! | I93: 357.86 | J93: =+I93*D93 -> 357.86 | K93: =+F93*I93 -> 357.86 | L93: =+G93*I93 -> 357.86 | M93: =+(L93)/J93 -> 1
B94: ='Planilha Orcamentaria '!A78 -> 9.8 | C94: ='Planilha Orcamentaria '!D78 -> CONJUNTO DE UM (1) INTERRUPTOR SIMPLES, CORRENTE 10A, TENSÃO 250V, (10A-250V), COM PLACA 4"X2" DE UM (1) POSTO, INCLUSIVE FORNECIMENTO, INSTALAÇÃO, SUPORTE, MÓDULO E PLACA | D94: 13 | E94: 12 | F94: 1 | G94: =+F94+E94 -> 13 | H94: ='Planilha Orcamentaria '!E78 -> u | I94: 22.25 | J94: =+I94*D94 -> 289.25 | K94: =+F94*I94 -> 22.25 | L94: =+G94*I94 -> 289.25 | M94: =+(L94)/J94 -> 1
B95: ='Planilha Orcamentaria '!A79 -> 9.9 | C95: ='Planilha Orcamentaria '!D79 -> CONJUNTO DE UMA (1) TOMADA PADRÃO, TRÊS (3) POLOS, CORRENTE 10A, TENSÃO 250V, (2P+T/10A-250V), COM PLACA 4"X2" DE UM (1) POSTO, INCLUSIVE FORNECIMENTO, INSTALAÇÃO, SUPORTE, MÓDULO E PLACA | D95: 16 | E95: 15 | F95: 1 | G95: =+F95+E95 -> 16 | H95: ='Planilha Orcamentaria '!E79 -> u | I95: 21.15 | J95: =+I95*D95 -> 338.4 | K95: =+F95*I95 -> 21.15 | L95: =+G95*I95 -> 338.4 | M95: =+(L95)/J95 -> 1
B96: ='Planilha Orcamentaria '!A80 -> 9.10 | C96: ='Planilha Orcamentaria '!D80 -> CABO DE COBRE FLEXÍVEL, CLASSE 5, ISOLAMENTO TIPO LSHF/ ATOX, NÃO HALOGENADO, ANTICHAMA, TERMOPLÁSTICO, UNIPOLAR, SEÇÃO 10 MM2, 70°C, 450/750V | D96: 20 | E96: 15 | F96: 5 | G96: =+F96+E96 -> 20 | H96: ='Planilha Orcamentaria '!E80 -> m | I96: 11.19 | J96: =+I96*D96 -> 223.8 | K96: =+F96*I96 -> 55.95 | L96: =+G96*I96 -> 223.8 | M96: =+(L96)/J96 -> 1
B97: ='Planilha Orcamentaria '!A81 -> 9.11 | C97: ='Planilha Orcamentaria '!D81 -> CABO DE COBRE FLEXÍVEL, CLASSE 5, ISOLAMENTO TIPO LSHF/ ATOX, NÃO HALOGENADO, ANTICHAMA, TERMOPLÁSTICO, UNIPOLAR, SEÇÃO 2,5 MM2, 70°C, 450/750V | D97: 40 | E97: 30 | F97: 10 | G97: =+F97+E97 -> 40 | H97: ='Planilha Orcamentaria '!E81 -> m | I97: 3.7 | J97: =+I97*D97 -> 148 | K97: =+F97*I97 -> 37 | L97: =+G97*I97 -> 148 | M97: =+(L97)/J97 -> 1
B98: ='Planilha Orcamentaria '!A82 -> 9.12 | C98: ='Planilha Orcamentaria '!D82 -> CABO DE COBRE FLEXÍVEL, CLASSE 5, ISOLAMENTO TIPO LSHF/ ATOX, NÃO HALOGENADO, ANTICHAMA, TERMOPLÁSTICO, UNIPOLAR, SEÇÃO 4 MM2, 70°C, 450/750V | D98: 15 | E98: 10 | F98: 5 | G98: =+F98+E98 -> 15 | H98: ='Planilha Orcamentaria '!E82 -> m | I98: 5.13 | J98: =+I98*D98 -> 76.95 | K98: =+F98*I98 -> 25.65 | L98: =+G98*I98 -> 76.95 | M98: =+(L98)/J98 -> 1
B99: ='Planilha Orcamentaria '!A83 -> 9.13 | C99: ='Planilha Orcamentaria '!D83 -> CABO DE COBRE FLEXÍVEL, CLASSE 5, ISOLAMENTO TIPO LSHF/ ATOX, NÃO HALOGENADO, ANTICHAMA, TERMOPLÁSTICO, UNIPOLAR, SEÇÃO 6 MM2, 70°C, 450/750V | D99: 12 | E99: 8 | F99: 4 | G99: =+F99+E99 -> 12 | H99: ='Planilha Orcamentaria '!E83 -> m | I99: 7.23 | J99: =+I99*D99 -> 86.76 | K99: =+F99*I99 -> 28.92 | L99: =+G99*I99 -> 86.76 | M99: =+(L99)/J99 -> 1
B100: ='Planilha Orcamentaria '!A84 -> 9.14 | C100: ='Planilha Orcamentaria '!D84 -> LUMINÁRIA COMERCIAL CHANFRADA DE SOBREPOR COMPLETA, PARA UMA (1) LÂMPADA TUBULAR LED 1X18W-ØT8, TEMPERATURA DA COR 6500K, FORNECIMENTO E INSTALAÇÃO, INCLUSIVE BASE E LÂMPADA | D100: 9 | F100: 9 | G100: =+F100+E100 -> 9 | H100: ='Planilha Orcamentaria '!E84 -> u | I100: 151.47 | J100: =+I100*D100 -> 1363.23 | K100: =+F100*I100 -> 1363.23 | L100: =+G100*I100 -> 1363.23 | M100: =+(L100)/J100 -> 1
B101: ='Planilha Orcamentaria '!A85 -> 9.15 | C101: ='Planilha Orcamentaria '!D85 -> LUMINÁRIA ARANDELA TIPO TARTARUGA BLINDADA COMPLETA, PARA UMA (1) LÂMPADA LED, POTÊNCIA 9W, BULBO A60, FORNECIMENTO E INSTALAÇÃO, INCLUSIVE BASE E LÂMPADA | D101: 4 | E101: 3 | F101: 1 | G101: =+F101+E101 -> 4 | H101: ='Planilha Orcamentaria '!E85 -> u | I101: 59.88 | J101: =+I101*D101 -> 239.52 | K101: =+F101*I101 -> 59.88 | L101: =+G101*I101 -> 239.52 | M101: =+(L101)/J101 -> 1
B102: ='Planilha Orcamentaria '!A86 -> 9.16 | C102: ='Planilha Orcamentaria '!D86 -> POSTE DECORATIVO PARA JARDIM EM AÇO TUBULAR, H = *2,5* M, SEM LUMINÁRIA - FORNECIMENTO E INSTALAÇÃO. AF_04/2025 | D102: 23 | E102: 23 | G102: =+F102+E102 -> 23 | H102: ='Planilha Orcamentaria '!E86 -> u | I102: 13.3 | J102: =+I102*D102 -> 305.9 | K102: =+F102*I102 -> 0 | L102: =+G102*I102 -> 305.9 | M102: =+(L102)/J102 -> 1
B103: ='Planilha Orcamentaria '!A89 -> 10 | C103: ='Planilha Orcamentaria '!D89 -> PISO
B104: ='Planilha Orcamentaria '!A90 -> 10.1 | C104: ='Planilha Orcamentaria '!D90 -> REVESTIMENTO COM CERÂMICA APLICADO EM PISO, ACABAMENTO ESMALTADO, AMBIENTE EXTERNO ( ANTIDERRAPANTE), PADRÃO EXTRA, DIMENSÃO DA PEÇA ATÉ 2025 CM2, PEI IV, ASSENTAMENTO COM ARGAMASSA INDUSTRIALIZADA, INCLUSIVE REJUNTAMENTO | D104: 262.99 | E104: 129.68 | F104: 133.31 | G104: =+F104+E104 -> 262.99 | H104: ='Planilha Orcamentaria '!E90 -> m² | I104: 108.83 | J104: =+I104*D104 -> 28621.202 | K104: =+F104*I104 -> 14508.127 | L104: =+G104*I104 -> 28621.202 | M104: =+(L104)/J104 -> 1
...
